 Dungeon Crawl Stone Soup version 0.31.0-32-g396128a36d (webtiles) character file.

Game seed: 6012418780170776607

689208 Villent the Impregnable (level 26, -2/224 HPs)
             Began as a Demonspawn Gladiator on Apr 8, 2024.
             Was a Believer of Jiyva (penitent).
             Killed from afar by a shard shrike (8 damage)
             ... with a shard of ice
             ... on level 3 of Cocytus on Apr 9, 2024.
             The game lasted 03:42:00 (56325 turns).

Villent the Impregnable (Demonspawn Gladiator)     Turns: 56325, Time: 03:42:00

Health: -2/224     AC: 48    Str: 19      XL:     26   Next: 16%
Magic:  20/20      EV: 10    Int: 19 (22) God:    Jiyva [**....]
Gold:   2026       SH: 39    Dex: 46      Spells: 25/25 levels left

rFire   + + +        K - +3 rapier "Hyhoanig" {drain, rN+ Int+4 Dex+4}
rCold   + + +        z - +7 tower shield {reflect}
rNeg    + + .        a - +9 scales of the Dragon King {rPois rF+ rC+ Will+}
rPois   +            G - +1 hat "Huatzus" {rF++ Dex+3}
rElec   .            (cloak unavailable)
rCorr   .            (gloves unavailable)
SInv    +            I - +1 pair of boots {rampage}
Will    ++...        B - amulet of Boul {Faith +Blink rF+ Int-3 Dex+6} Stlth
                     R - ring "Tufowor" {^Drain rN+ AC+4 Int+3 Dex+3}
HPRegen 0.57/turn    O - ring "Omoud" {AC+4 Int+3 Dex+2}
MPRegen 0.17/turn

%: reflection, rampage, faith
@: on blink cooldown, unable to drink
A: thin skeletal structure 3, demonic guardian 3, powered by death 3, black
mark, bedeviling, weakness stinger 3, antennae 2, claws 3, see invisible, agile
2, clever 1, cold resistance 3, low MP 1, mutation resistance 1, wild magic 3,
gelatinous body 2, translucent skin 2, tendrils, jelly absorbing missiles, heat
vulnerability 1
}: 5/15 runes: serpentine, barnacled, slimy, silver, abyssal
a: Renounce Religion, Evoke Blink


You were on level 3 of Cocytus.
You worshipped Jiyva.
Jiyva was demanding penance.
You visited 14 branches of the dungeon, and saw 57 of its levels.
You visited the Abyss 3 times.
You also visited: Trove, Sewer and Ossuary.

You collected 6794 gold pieces.
You spent 4768 gold pieces at shops.

Inventory:

Hand Weapons
 o - the +8 trident "Pimm" {freeze, rC+}
   (You found it on level 5 of the Lair of Beasts)

   rC+:       It protects you from cold.
 K - the +3 rapier "Hyhoanig" (weapon) {drain, rN+ Int+4 Dex+4}
   (You found it on level 3 of the Crypt)

   Int+4:     It affects your intelligence (+4).
   Dex+4:     It affects your dexterity (+4).
   rN+:       It protects you from negative energy.
 S - the +7 trident of Annihilation {freeze, rC++ Str-3 Dex+3}
   (You found it in a treasure trove)

   Str-3:     It affects your strength (-3).
   Dex+3:     It affects your dexterity (+3).
   rC++:      It greatly protects you from cold.
Armour
 a - the +9 scales of the Dragon King (worn) {rPois rF+ rC+ Will+}
   (You bought it in a shop on level 7 of the Dungeon)

   rF+:       It protects you from fire.
   rC+:       It protects you from cold.
   rPois:     It protects you from poison Will+: It increases your willpower.
 k - the +1 cloak "Estriddomp" {rElec Int+2}
   (You found it on level 5 of the Vaults)

   Int+2:     It affects your intelligence (+2).
   rElec:     It insulates you from electricity.
 z - a +7 tower shield of reflection (worn)
 G - the +1 hat "Huatzus" (worn) {rF++ Dex+3}
   (You bought it in a shop on level 2 of the Orcish Mines)

   Dex+3:     It affects your dexterity (+3).
   rF++:      It greatly protects you from fire.
 I - a +1 pair of boots of rampaging (worn)
 J - a +2 crystal plate armour
 X - the +1 helmet of Kieludad {+Inv rPois MP-9 Str+5}
   (You found it on level 1 of the Depths)

   Str+5:     It affects your strength (+5).
   rPois:     It protects you from poison MP-9: It affects your magic capacity
   (-9).
   +Inv:      It lets you turn invisible.
Jewellery
 c - a ring of the Octopus King {HP+2 AC+2 EV+2 SH+2 SInv}
   (You found it on level 2 of the Depths)

   [ring of see invisible]

   AC+2:      It affects your AC (+2).
   EV+2:      It affects your evasion (+2).
   HP+2:      It affects your health (+2).
   SInv:      It lets you see invisible.
   SH+2:      It affects your SH (+2).
 i - the ring of Fyont {Wiz Str+3 Int+6}
   (You found it on level 2 of the Depths)

   [ring of wizardry]

   Wiz:       It improves your spell success rate.
   Str+3:     It affects your strength (+3).
   Int+6:     It affects your intelligence (+6).
 n - an amulet of magic regeneration
 r - the ring "Kadghuti" {EV+5 Int+5}
   (You acquired it in an ossuary)

   [ring of evasion]

   EV+5:      It affects your evasion (+5).
   Int+5:     It affects your intelligence (+5).
 B - the amulet of Boul (around neck) {Faith +Blink rF+ Int-3 Dex+6}
   (You found it on level 8 of the Dungeon)

   [amulet of faith]

   Faith:     It allows you to gain divine favour quickly.
   Int-3:     It affects your intelligence (-3).
   Dex+6:     It affects your dexterity (+6).
   rF+:       It protects you from fire.
   +Blink:    It lets you blink.
 O - the ring "Omoud" (right claw) {AC+4 Int+3 Dex+2}
   (You found it in a treasure trove)

   [ring of protection]

   AC+4:      It affects your AC (+4).
   Int+3:     It affects your intelligence (+3).
   Dex+2:     It affects your dexterity (+2).
 R - the ring "Tufowor" (left claw) {^Drain rN+ AC+4 Int+3 Dex+3}
   (You took it off a deep elf elementalist on level 3 of the Elven Halls)

   [ring of protection]

   AC+4:      It affects your AC (+4).
   Int+3:     It affects your intelligence (+3).
   Dex+3:     It affects your dexterity (+3).
   rN+:       It protects you from negative energy.
   ^Drain:    It drains your maximum health when unequipped.
 T - the ring of the Kitsune {Will+ rCorr Int+2 Dex+5}
   (You took it off a deep elf high priest on level 3 of the Elven Halls)

   [ring of resist corrosion]

   Int+2:     It affects your intelligence (+2).
   Dex+5:     It affects your dexterity (+5).
   Will+:     It increases your willpower.
   rCorr:     It protects you from acid and corrosion.
 V - the ring "Buprasobao" {Fly rF- rC+ Str+5}
   (You found it on level 2 of the Depths)

   [ring of protection from cold]

   Str+5:     It affects your strength (+5).
   rF-:       It makes you vulnerable to fire.
   rC+:       It protects you from cold.
   Fly:       It grants you flight.
 W - the ring of Fyxaolor {rElec rPois Will+}
   (You bought it in a shop on level 2 of the Snake Pit)

   [ring of willpower]

   rElec:     It insulates you from electricity.
   rPois:     It protects you from poison Will+: It increases your willpower.
 Y - the ring "Ogreon" {*Slow rElec rC+ Str+3 Int+2}
   (You found it on level 1 of the Depths)

   [ring of protection from cold]

   Str+3:     It affects your strength (+3).
   Int+2:     It affects your intelligence (+2).
   rC+:       It protects you from cold.
   rElec:     It insulates you from electricity.
   *Slow:     It may slow you when you take damage.
Wands
 f - a wand of flame (41)
 m - a wand of digging (1)
 s - a wand of roots (22)
 x - a wand of acid (6)
 y - a wand of polymorph (14) (quivered)
 F - a wand of charming (23)
Scrolls
 b - 2 scrolls of fog
 u - 2 scrolls of brand weapon
 P - 2 scrolls of amnesia
 U - 16 scrolls of identify
 Z - a scroll of fear
Potions
 g - 2 potions of invisibility
 h - 10 potions of ambrosia
 j - 6 potions of curing
 p - a potion of enlightenment
 q - 4 potions of lignification
 t - 5 potions of brilliance
 w - 2 potions of berserk rage
 E - 3 potions of magic
 H - 2 potions of cancellation
Miscellaneous
 d - a phial of floods
 l - a lightning rod (4/4)
 v - a condenser vane
 C - a phantom mirror
 D - the horn of Geryon (inert)
 Q - a sack of spiders (inert)


   Skills:
 - Level 22.0 Fighting
 * Level 13.6 Short Blades
 - Level 15.9 Polearms
 - Level 3.6 Throwing
 - Level 23.8 Armour
 - Level 2.6 Dodging
 - Level 23.7 Shields
 - Level 10.0 Evocations


You had 25 spell levels left.
You didn't know any spells.
Your spell library contained the following spells:

 Spells                   Type           Power      Damage    Failure   Level
 Apportation              Tloc           0%         N/A       100%        1
 Foxfire                  Conj/Fire      0%         2x1d4     100%        1
 Kiss of Death            Conj/Necr      0%         2d5       100%        1
 Magic Dart               Conj           0%         1d3       100%        1
 Necrotise                Necr           0%         1d4       100%        1
 Shock                    Conj/Air       0%         1d3       100%        1
 Sting                    Conj/Alch      0%         1d3       100%        1
 Summon Small Mammal      Summ           0%         N/A       100%        1
 Blink                    Tloc           0%         N/A       100%        2
 Call Imp                 Summ           0%         N/A       100%        2
 Cigotuvi's Dreadful Rot  Necr/Alch/Air  0%         N/A       100%        2
 Ensorcelled Hibernation  Hex/Ice        0%         N/A       100%        2
 Jinxbite                 Hex            0%         N/A       100%        2
 Mercury Vapours          Alch/Air       0%         N/A       100%        2
 Momentum Strike          Conj/Tloc      0%         3d8       100%        2
 Static Discharge         Conj/Air       0%         3-3/arc   100%        2
 Call Canine Familiar     Summ           0%         N/A       100%        3
 Confusing Touch          Hex            0%         N/A       100%        3
 Dazzling Flash           Conj/Hex       0%         N/A       100%        3
 Fugue of the Fallen      Necr           0%         N/A       100%        3
 Gell's Gravitas          Tloc           0%         N/A       100%        3
 Mephitic Cloud           Conj/Alch/Air  0%         N/A       100%        3
 Ozocubu's Armour         Ice            0%         N/A       100%        3
 Sigil of Binding         Hex            0%         N/A       100%        3
 Teleport Other           Tloc           0%         N/A       100%        3
 Tukima's Dance           Hex            0%         N/A       100%        3
 Vampiric Draining        Necr           0%         2d6       100%        3
 Volatile Blastmotes      Fire/Tloc      0%         2d10      100%        3
 Anguish                  Hex/Necr       0%         N/A       100%        4
 Animate Dead             Necr           0%         N/A       100%        4
 Dimensional Bullseye     Hex/Tloc       0%         N/A       100%        4
 Dispel Undead            Necr           0%         3d6       100%        4
 Fulminant Prism          Conj/Alch      0%         3d5       100%        4
 Iskenderun's Mystic Bla  Conj/Tloc      0%         2d3       100%        4
 Manifold Assault         Tloc           0%         N/A       100%        4
 Martyr's Knell           Necr/Summ      0%         N/A       100%        4
 Passage of Golubria      Tloc           0%         N/A       100%        4
 Vhi's Electric Charge    Tloc/Air       0%         N/A       100%        4
 Alistair's Intoxication  Alch           0%         N/A       100%        5
 Arcjolt                  Conj/Air       0%         1d10      100%        5
 Borgnjor's Vile Clutch   Necr/Erth      0%         N/A       100%        5
 Curse of Agony           Necr           0%         N/A       100%        5
 Freezing Cloud           Conj/Ice/Air   0%         6-21      100%        5
 Iskenderun's Battlesphe  Conj           0%         2d6       100%        5
 Silence                  Hex/Air        0%         N/A       100%        5
 Summon Forest            Summ/Tloc      0%         N/A       100%        5
 Yara's Violent Unravell  Hex/Alch       0%         3d3       100%        5
 Bombard                  Conj/Erth      0%         9d1       100%        6
 Dispersal                Tloc           0%         N/A       100%        6
 Plasma Beam              Fire/Air       0%         2x1d10    100%        6
 Starburst                Conj/Fire      0%         6d3       100%        6
 Enfeeble                 Hex            0%         N/A       100%        7
 Haunt                    Necr/Summ      0%         N/A       100%        7
 Spellforged Servitor     Conj/Summ      0%         N/A       100%        7
 Borgnjor's Revivificati  Necr           0%         N/A       100%        8
 Disjunction              Tloc           0%         N/A       100%        8
 Infestation              Necr           0%         N/A       100%        8
 Maxwell's Capacitive Co  Air            0%         ∞         100%        8
 Chain Lightning          Conj/Air       0%         N/A       100%        9
 Death's Door             Necr           0%         N/A       100%        9


Dungeon Overview and Level Annotations

Branches:
Dungeon (15/15)            Temple (1/1) D:5            Lair (5/5) D:9
 Shoals (4/4) Lair:3        Snake (4/4) Lair:3        Slime (5/5) Lair:4
    Orc (2/2) D:9             Elf (3/3) Orc:2        Vaults (5/5) D:14
  Crypt (3/3) Vaults:3       Tomb (0/3) Crypt:3      Depths (4/4) D:15
   Hell (visited)             Dis (0/7) Hell            Geh (0/7) Hell
    Coc (3/7) Hell            Tar (0/7) Hell            Zot (2/5) Depths:4
  Sewer (visited)         Ossuary (visited)

Altars:
Ashenzari
Cheibriados
Dithmenos
Fedhas
Gozag
Hepliaklqana
Kikubaaqudgha
Makhleb
Nemelex Xobeh
Okawaru
Qazlal
Ru
Sif Muna
Trog
Uskayaw
Vehumet
Wu Jian
Xom
Yredelemnul
Jiyva
Lugonu

Shops:
D:6 (   D:7 [   D:8 *   D:15 [   Orc:2 *[=(   Elf:2 (   Elf:3 *   Snake:2 =*
Vaults:1 (   Vaults:5 [   Depths:2 :

Portals:
Hell: Depths:1 Depths:2 Depths:3 Depths:4
Abyss: D:12 Crypt:2 Depths:3 Depths:4
Pandemonium: Depths:1 Depths:2 Depths:3
Ziggurat: Depths:2

Annotations:
Shoals:2 Frances
Shoals:3 Ilsuiw, Roxanne
Slime:5 Royal Jelly
Elf:2 1 runed translucent door
Zot:2 1 transporter
Abyss:1 Rupert


Innate Abilities, Weirdness & Mutations

You have an unnaturally thin skeletal structure. (Dex +6, Stealth+++)
A powerful demonic guardian rushes to your aid.
You regenerate a lot of health from kills.
Your melee attacks may debilitate your foes.
Your hexes are more powerful.
You have a sharp stinger which inflicts weakening toxins.
You have a pair of antennae on your head.
You have claws for hands.
You have supernaturally acute eyesight. (SInv)
You are very agile. (Dex +8, Str/Int -2)
Your mind is acute. (Int +4, Str/Dex -1)
Your flesh is almost immune to the effects of cold. (rC+++)
Your magical capacity is low. (-10% MP)
You are somewhat resistant to further mutation.
Your spells are much harder to cast, but much more powerful.
Your pliable body absorbs attacks. (AC +2, EV +2)
Your translucent skin reduces your foes' accuracy. (Stealth+)
You are covered in slimy tendrils that may disarm your opponents.
You have a small jelly attached to you that may absorb projectiles.
You are vulnerable to heat. (rF-)


Message History

The wendigo gestures.
The quicksilver dragon simulacrum collapses into a mass of ice!
The mass of ice explodes!
The seracfall batters you! You partially resist.
* * * LOW HITPOINT WARNING * * *
The seracfall batters the harpy simulacrum!
The harpy simulacrum partially resists.
The harpy simulacrum vaporises!
The seracfall batters the water elemental!
The seracfall batters your Hell Sentinel!!
Your Hell Sentinel partially resists.
The seracfall batters the water elemental!!!
The water elemental is destroyed!
The water elemental disappears in a puff of smoke!
The elemental wellspring gestures.
Send 'em back where they came from!
Your Hell Sentinel disappears in a puff of smoke!
You blink.
A spriggan defender simulacrum and a stone giant simulacrum come into view.
The shard shrike spits a shard of ice at you.
Your +7 tower shield of reflection blocks the shard of ice... and reflects it back!
The shard of ice hits the shard shrike!!
The shard shrike partially resists.
Okay, then.
As you read the scroll of fog, it dissolves into smoke.
The wendigo fires a burst of electricity at you.
The stunning burst hits you.
You suddenly lose the ability to move!
* * * LOW HITPOINT WARNING * * *
The water elemental hits you. x2
You can move again.
You rampage towards the alligator snapping turtle simulacrum!
You puncture the alligator snapping turtle simulacrum!
You tail-slap the alligator snapping turtle simulacrum, but do no damage.
The alligator snapping turtle simulacrum is moderately damaged.
A shard shrike comes into view.
You block the wendigo's attack. x2
You rampage towards the elemental wellspring!
The shard shrike screeches!
The shard shrike spits a shard of ice at you.
The shard of ice hits you! You partially resist.
You die...

##≈....≈≈≈≈≈≈....≈####
#≈..°..≈≈###≈....≈≈ZZ≈
##...~~~≈## #≈.....≈≈≈≈
##≈.ZE~~~≈####≈≈.....≈≈≈
#≈§§§{E~~§≈##≈≈≈∩.......
###.§§§{E§§§≈≈≈b≈≈......Z≈
#≈≈≈§§§§§§§§≈≈≈≈≈≈..≈≈####
###≈§§Z§E§§§~E≈≈≈...≈≈#
##§§§§Z§~b@~~~~....≈#
##§§§EER§Z..~~.....≈
##.§EE§Z≈≈≈~...≈...≈
#≈§§§§≈≈≈≈≈...≈≈^..≈
#≈§§§§##≈≈≈...≈ #≈.§§≈#
≈≈≈...≈ #≈≈.§≈# #≈≈...≈
##≈..≈# ≈≈...≈ #Z..≈#
#≈≈.≈


You could see 2 shard shrikes, a wendigo, 2 elemental wellsprings, 3 water
elementals, a five-headed hydra simulacrum, an alligator snapping turtle
simulacrum and a spriggan defender simulacrum.

Vanquished Creatures
  Frederick (Vaults:5)
  4 dread liches
  An ancient lich (Depths:1)
  Mara (Vaults:5)
  A juggernaut (Depths:2)
  The ghost of Xenat the Impregnable, a veteran MiGl of Hepliaklqana (Crypt:2)
  Parghit (Zot:1)
  Saint Roka (Depths:2)
  The ghost of WeeknightWizard the Sorcerer, a veteran DEFE of Vehumet (Depths:1)
  Geryon (Hell)
  7 golden dragons
  Norris (Vaults:4)
  A bone dragon (Abyss:2)
  A spectral shard shrike (Crypt:3)
  Zenata (Vaults:4)
  A Hell Sentinel (Abyss:3)
  8 tentacled monstrosities
  3 liches
  6 titans (Vaults:5)
  5 sphinxes
  2 deep elf master archers (Elf:3)
  The ghost of tykejmi the Severer, an adept HOFi of Okawaru (Depths:1)
  2 quicksilver dragons
  3 death cobs
  An ancient champion (Depths:1)
  9 tentacled starspawn (Abyss:3)
  The ghost of wjtupper the Warrior, an adept MiHu of Okawaru (Snake:1)
  An Executioner (Abyss:3)
  Polyphemus (Shoals:3)
  A storm dragon (Zot:2)
  5 shadow dragons
  2 protean progenitors
  5 nagarajas (Snake:4)
  5 tengu reavers
  Donald (Elf:1)
  6 revenants
  A draconian knight (Zot:1)
  18 fire giants
  4 draconian monks (Zot:1)
  3 deep elf sorcerers (Elf:3)
  10 frost giants
  5 deep elf elementalists (Elf:3)
  14 vault wardens
  A balrug (Hell)
  4 orc warlords
  An iron dragon (Depths:3)
  An angel (Shoals:4)
  2 draconian stormcallers (Zot:1)
  A cacodemon (Hell)
  4 draconian shifters
  6 reapers
  A ghost moth (Crypt:3)
  3 draconian scorchers (Zot:1)
  24 ironbound preservers
  A spectral caustic shrike (Crypt:3)
  7 ghouls
  4 spriggan defenders
  29 very ugly things
  5 draconian annihilators
  19 stone giants
  A caustic shrike skeleton (Crypt:2)
  3 green draconians
  11 ironbound thunderhulks
  4 deep elf demonologists
  An apis (Shoals:4)
  A putrid mouth (Hell)
  8 deep elf death magi
  6 deep elf annihilators
  4 red draconians
  A lorocyproca (Depths:3)
  2 yellow draconians
  4 vampire knights
  A wendigo (Coc:1)
  10 spark wasps
  4 purple draconians (Zot:1)
  5 white draconians
  5 black draconians
  8 dire elephants
  5 iron golems
  11 eidola
  A blizzard demon (Abyss:3)
  2 green deaths
  9 ettins
  3 spectral quicksilver dragons (Crypt:3)
  12 jiangshi
  3 merfolk javelineers (Shoals:4)
  10 merfolk impalers (Shoals:4)
  Josephine (D:10)
  3 spectral spriggans
  5 crystal guardians
  10 yaktaur captains
  4 deep elf high priests (Elf:3)
  6 fire dragons
  3 entropy weavers
  30 vault guards
  4 salamander tyrants
  2 peacekeepers
  5 ice dragons
  10 hydras
  2 ogre magi (Vaults:5)
  3 rakshasas
  7 spriggan air magi
  2 catoblepae
  4 merfolk aquamancers
  4 hell beasts
  A merfolk avatar (Shoals:1)
  A boulder beetle (D:14)
  2 death knights
  A death scarab (Crypt:3)
  13 ironbound frosthearts
  13 centaur warriors
  8 anacondas
  14 naga warriors
  A spectral stone giant (Crypt:3)
  23 dancing weapons
  A satyr (Shoals:4)
  8 deep troll shamans
  A titan zombie (Crypt:1)
  4 two-headed ogres
  11 tengu warriors
  An azure jelly zombie (Crypt:2)
  5 deep troll earth magi
  2 hell hogs
  6 spriggan berserkers
  11 vampire magi
  8 death yaks
  8 shock serpents
  A demonic crawler (Hell)
  2 occultists
  5 thrashing horrors
  16 naga sharpshooters
  7 orc high priests
  8 deep elf knights
  8 sun demons
  6 soul eaters (Hell)
  2 titan skeletons (Hell)
  3 iron trolls
  24 hell knights
  20 skeletal warriors
  7 wretched stars
  6 salamander mystics
  4 skysharks
  A spectral bunyip (Crypt:2)
  A spectral death yak (Lair:5)
  A sixfirhy (Depths:3)
  3 spectral anacondas
  4 shadow demons
  5 shadow wraiths
  A spark wasp zombie (D:15)
  3 cherubim (Shoals:4)
  8 sea snakes
  16 mana vipers
  9 naga ritualists
  84 deep trolls
  An anaconda zombie (Crypt:3)
  7 flayed ghosts
  2 quicksilver dragon simulacra
  2 spectral hydras
  4 arcanists
  3 lindwurms
  A spriggan simulacrum (Coc:1)
  6 deep elf archers
  10 orc knights
  15 phantasmal warriors
  6 large abominations (Abyss:3)
  19 ironbound convokers
  2 obsidian statues
  15 deep elf zephyrmancers
  13 necromancers
  A lindwurm (shapeshifter) (Vaults:5)
  A spectral ettin (Crypt:2)
  20 deep elf pyromancers
  8 harpies
  A stone giant zombie (Crypt:1)
  9 fauns
  6 orc sorcerers
  19 ugly things
  7 cyclopes
  A worldbinder (Abyss:3)
  5 manticores
  Maurice (D:10)
  20 salamanders
  14 elephants (Lair:5)
  A meliai (shapeshifter) (Elf:2)
  2 guardian serpents (Snake:3)
  9 moths of wrath
  A naga zombie (Hell)
  5 rust devils
  A spectral centaur (Crypt:3)
  A black mamba (shapeshifter) (D:14)
  38 black mambas
  An alligator skeleton (Crypt:2)
  13 vault sentinels
  3 dire elephant zombies
  4 smoke demons
  6 kobold blastminers
  3 titan simulacra (Coc:1)
  2 merfolk sirens
  6 molten gargoyles (Hell)
  22 naga magi
  An eleionoma skeleton (Crypt:3)
  3 unseen horrors
  6 orange demons
  A water nymph (Shoals:3)
  12 cane toads
  Maggie (D:10)
  A cane toad (shapeshifter) (D:14)
  2 hellions (Hell)
  A dire elephant skeleton (Lair:5)
  A swamp worm zombie (Crypt:1)
  18 freezing wraiths
  6 kobold demonologists
  11 yaktaurs
  An anaconda simulacrum (Crypt:3)
  2 rime drakes
  A spectral naga (Crypt:3)
  A death yak zombie (Crypt:3)
  5 komodo dragons
  2 ice devils (Hell)
  An unseen horror skeleton (Crypt:1)
  A redback zombie (Crypt:1)
  A bunyip simulacrum (Coc:1)
  5 tengu conjurers
  4 efreet
  A golden dragon simulacrum (Coc:1)
  A komodo dragon (shapeshifter) (D:10)
  7 trolls
  A minotaur skeleton (Crypt:3)
  An iron giant simulacrum (Crypt:3)
  A spectral harpy (Crypt:3)
  A white draconian skeleton (Crypt:2)
  A queen bee (Lair:1)
  10 merfolk
  A hellwing (Abyss:3)
  3 wind drakes
  A harpy zombie (Hell)
  2 ancient zymes (Abyss:2)
  4 polar bears
  A tarantella (Vaults:3)
  A hydra skeleton (Hell)
  A wolf spider simulacrum (D:15)
  Grinder (D:5)
  A spectral elephant (Lair:5)
  A hornet (D:9)
  A harpy skeleton (Crypt:3)
  14 dream sheep
  13 blink frogs
  3 stone giant simulacra
  6 snapping turtles
  10 raiju
  An air elemental (Elf:3)
  A vampire (D:12)
  2 ynoxinuls
  4 centaur simulacra
  A spectral black mamba (Crypt:2)
  A black mamba zombie (Hell)
  6 shadows
  A spriggan skeleton (D:15)
  15 wraiths
  6 wyverns
  9 water elementals
  A death yak simulacrum (Lair:5)
  6 basilisks
  A fire elemental (Elf:3)
  45 yaks
  3 wargs
  A dire elephant simulacrum (Lair:5)
  3 redbacks
  2 steam dragons (D:8)
  3 vampire mosquitoes (D:13)
  A chaos spawn (Abyss:2)
  3 neqoxecs (Abyss:3)
  7 harpy simulacra
  14 water moccasins
  2 acid dragons
  An entropy weaver zombie (Crypt:3)
  44 nagas
  Duvessa (D:5)
  5 ice beasts
  35 orc warriors
  An ogre (shapeshifter) (Elf:3)
  A sky beast (D:7)
  3 black bears
  2 ettin simulacra
  7 laughing skulls
  A hog zombie (Crypt:1)
  6 wolves
  11 ogres
  4 boggarts
  10 centaurs
  An elephant skeleton (Lair:5)
  A manticore skeleton (Crypt:3)
  7 starcursed masses (Abyss:3)
  A hog skeleton (Crypt:1)
  3 phantoms
  A yaktaur zombie (Crypt:1)
  5 kobold brigands
  A komodo dragon zombie (Crypt:3)
  7 weeping skulls
  A necrophage (Crypt:1)
  10 bullfrogs
  A bullfrog (shapeshifter) (Elf:1)
  3 earth elementals
  2 naga simulacra (Crypt:2)
  8 small abominations
  A gnoll sergeant (D:11)
  A scorpion (D:9)
  A water moccasin zombie (Crypt:2)
  2 cane toad simulacra (Lair:5)
  4 wights (D:10)
  Dowan (D:5)
  52 killer bees
  A spriggan zombie (Crypt:3)
  3 howler monkeys
  5 electric eels
  3 jellies (Snake:4)
  A raiju skeleton (Crypt:2)
  2 bombardier beetles
  14 orc priests
  5 hounds
  A human zombie (Ossuary)
  A centaur zombie (Crypt:3)
  A gnoll bouda (Lair:5)
  Crazy Yiuf (D:3)
  An iron imp (Abyss:2)
  A scorpion zombie (Crypt:1)
  3 iguanas
  19 orc wizards
  8 hell rats
  A deep dwarf skeleton (Crypt:1)
  2 mummies (Ossuary)
  4 gnolls
  7 adders
  4 river rats
  2 shadow imps
  2 white imps
  3 ufetubi
  A dart slug (D:5)
  A ribbon worm (D:2)
  78 orcs
  7 ball pythons
  3 endoplasms (D:1)
  3 giant cockroaches (D:1)
  3 gnoll zombies (Ossuary)
  2 goblins
  3 hobgoblins
  3 jackals (D:1)
  16 kobolds
  2 quokkas
  3 bats
  3 frilled lizards
  4 orc zombies (Ossuary)
  10 rats
  A lurking horror (Abyss:2)
  5 starspawn tentacles (Abyss:3)
2040 creatures vanquished.

Vanquished Creatures (collateral kills)
  An ancient lich (Vaults:5)
  A bone dragon (Abyss:3)
  3 tentacled monstrosities
  A deep elf blademaster (Elf:2)
  A quicksilver dragon (Zot:2)
  2 death cobs (Zot:2)
  An ancient champion (Vaults:3)
  A shadow dragon (Vaults:5)
  A storm dragon (Vaults:5)
  A fire giant (Depths:3)
  A protean progenitor (Zot:2)
  2 vault wardens
  A nargun (Coc:1)
  2 deep elf sorcerers (Elf:3)
  A deep elf elementalist (Elf:3)
  An orc warlord (Vaults:2)
  5 frost giants
  4 ironbound preservers
  A draconian annihilator (Zot:2)
  A ghoul (Crypt:3)
  4 stone giants
  2 black draconians
  A spectral titan (Crypt:3)
  2 deep elf annihilators (Elf:3)
  A dire elephant (Vaults:1)
  A war gargoyle (Hell)
  An eidolon (Crypt:3)
  A fire dragon (Depths:1)
  An iron golem (Hell)
  An ettin (Depths:4)
  3 crystal guardians
  A spectral quicksilver dragon (Crypt:3)
  A quicksilver dragon zombie (D:15)
  2 spectral spriggans (Crypt:3)
  A hell beast (Hell)
  2 spriggan air magi
  7 vault guards
  A caustic shrike simulacrum (Coc:1)
  2 ice dragons
  A catoblepas (D:8)
  A dancing weapon (Elf:2)
  2 centaur warriors (Vaults:2)
  An ironbound frostheart (Vaults:3)
  A naga warrior (Snake:4)
  A two-headed ogre (D:12)
  A tengu warrior (D:8)
  A two-headed ogre (shapeshifter) (Vaults:5)
  4 deep troll earth magi (Vaults:5)
  A naga sharpshooter (Snake:4)
  A vampire mage (Crypt:2)
  An orc high priest (Depths:2)
  A spectral dire elephant (Crypt:3)
  2 shock serpents (Snake:2)
  A thrashing horror (Abyss:2)
  A soul eater (Hell)
  A spectral naga (Crypt:2)
  A hell knight (Depths:2)
  A wretched star (Abyss:2)
  A sun demon (Hell)
  4 skeletal warriors
  2 shadow wraiths
  A flayed ghost (D:15)
  5 deep trolls
  An ironbound convoker (Vaults:5)
  3 necromancers
  A deep elf zephyrmancer (Elf:3)
  An ugly thing (Depths:4)
  A faun (Shoals:2)
  2 orc knights (Vaults:1)
  A deep elf pyromancer (Elf:2)
  An elephant (Lair:5)
  A manticore (D:13)
  A salamander (Depths:2)
  A kobold blastminer (Orc:2)
  A moth of wrath (Zot:2)
  A molten gargoyle (Hell)
  A smoke demon (Hell)
  A black mamba (Snake:1)
  4 vault sentinels
  A gargoyle (D:14)
  2 naga magi
  An efreet (D:8)
  A spectral harpy (Crypt:2)
  2 bunyip simulacra
  A freezing wraith (Crypt:3)
  An ice devil (Hell)
  A merfolk (Shoals:4)
  A raiju (Abyss:2)
  2 harpy skeletons
  2 glass eyes (Zot:2)
  A centaur simulacrum (Coc:1)
  A shadow (Crypt:3)
  A wraith (Crypt:3)
  A neqoxec (Abyss:2)
  A black mamba skeleton (Crypt:2)
  4 harpy simulacra
  A two-headed ogre zombie (Hell)
  An ice beast (D:7)
  3 laughing skulls (Abyss:2)
  2 boggarts
  A centaur (D:14)
  A kobold brigand (D:12)
  A killer bee (Lair:1)
  An electric eel (Snake:2)
  An orc priest (Orc:2)
  A hell rat (Hell)
  An adder (D:6)
  4 orcs
  2 jackals (D:1)
  A frilled lizard (D:1)
171 creatures vanquished.

Vanquished Creatures (others)
  A golden dragon (Vaults:5)
  An acid blob (Elf:3)
  Gastronok (D:12)
  An azure jelly (Elf:3)
  A vault warden (Vaults:4)
  A draconian knight (Zot:1)
  A deep elf sorcerer (Elf:3)
  A shard shrike simulacrum (Coc:2)
  A draconian annihilator (Zot:1)
  3 ironbound preservers
  3 ironbound thunderhulks (Vaults:4)
  A formless jellyfish (Vaults:4)
  An elemental wellspring (Coc:2)
  A deep elf annihilator (Vaults:4)
  A bunyip (shapeshifter) (Vaults:5)
  13 great orbs of eyes
  2 merfolk impalers (Shoals:4)
  An entropy weaver (Vaults:4)
  2 merfolk javelineers (Shoals:4)
  2 deep elf high priests (Elf:3)
  A yaktaur captain (Vaults:4)
  An ice dragon (Depths:3)
  2 rakshasas
  A juggernaut simulacrum (Coc:3)
  A caustic shrike simulacrum (Coc:3)
  An ironbound frostheart (Vaults:2)
  2 ogre magi (Vaults:5)
  A centaur warrior (D:14)
  2 naga warriors
  A tengu warrior (Depths:2)
  A deep troll earth mage (Depths:2)
  A naga sharpshooter (Snake:4)
  2 skysharks (Vaults:4)
  2 deep trolls (Vaults:4)
  2 glowing orange brains
  A mana viper (shapeshifter) (Vaults:5)
  A quicksilver dragon simulacrum (Coc:3)
  A spriggan simulacrum (Coc:3)
  3 ironbound convokers
  An orc knight (Orc:2)
  A deep elf zephyrmancer (Elf:3)
  A necromancer (Depths:2)
  A phantasmal warrior (Vaults:5)
  A deep elf pyromancer (Elf:3)
  2 cyclopes
  A salamander (Snake:4)
  2 glass eyes
  2 vault sentinels
  2 merfolk sirens
  A naga mage (Snake:4)
  4 yaktaurs (Vaults:3)
  A hellion (Coc:2)
  2 unseen horrors
  A troll (D:12)
  A polar bear (D:15)
  A blink frog (D:12)
  2 dream sheep
  2 dream sheep (shapeshifter)
  An ettin zombie (Abyss:2)
  A snapping turtle (Shoals:4)
  16 slime creatures
  A centaur simulacrum (Coc:2)
  A vampire (D:8)
  3 golden eyes
  A harpy simulacrum (Coc:3)
  A swamp worm (shapeshifter) (Vaults:5)
  An orc warrior (Orc:2)
  2 boggarts (Vaults:1)
  An ogre (Orc:1)
  A bullfrog (D:7)
  Blork the orc (D:5)
  3 killer bees
  2 howler monkeys
  A bombardier beetle (D:4)
  2 orc priests (Orc:2)
  A hound (D:5)
  274 jellies
  2 iguanas
  An orc wizard (D:11)
  2 gnolls (D:11)
  A white imp (D:7)
  An ufetubus (Abyss:2)
  11 orcs
  A bat (D:3)
  A quokka (D:3)
  A kobold (D:3)
  19 rats (D:3)
  2 lurking horrors
  19 starspawn tentacles (Abyss:3)
470 creatures vanquished.

Grand Total: 2681 creatures vanquished

Notes
Turn   | Place    | Note
-------+----------+-------------------------------------------
     0 | D:1      | Villent the Demonspawn Gladiator began the quest for the
                  | Orb.
     0 | D:1      | Reached XP level 1. HP: 16/16 MP: 1/1
   111 | D:1      | Gained mutation: A weak demonic guardian rushes to your
                  | aid. [demonic ancestry]
   111 | D:1      | Reached XP level 2. HP: 22/22 MP: 2/2
   293 | D:1      | Reached skill level 1 in Armour
   468 | D:1      | Found a faded altar of an unknown god.
   636 | D:1      | Gained mutation: You have a small tail. [demonic ancestry]
   636 | D:1      | Reached XP level 3. HP: 28/28 MP: 3/3
   882 | D:1      | Prayed at the altar of an unknown god.
   882 | D:1      | Became a worshipper of Jiyva Juqoenn the Shapeless
   882 | D:1      | Reached * piety under Jiyva
  1198 | D:2      | Reached ** piety under Jiyva
  1571 | D:3      | Found a radiant altar of Vehumet.
  1581 | D:3      | Gained mutation: You have a tail ending in a sharp stinger.
                  | [demonic ancestry]
  1581 | D:3      | Reached XP level 4. HP: 34/34 MP: 4/4
  1660 | D:3      | Found a glowing drain.
  1673 | Sewer    | Entered a sewer
  1864 | D:3      | Gained mutation: Your mind is acute. (Int +4, Str/Dex -1)
                  | [potion of mutation]
  1864 | D:3      | Gained mutation: You are agile. (Dex +4, Str/Int -1)
                  | [potion of mutation]
  1865 | D:3      | Lost mutation: You are agile. (Dex +4, Str/Int -1) [potion
                  | of mutation]
  1865 | D:3      | Lost mutation: Your mind is acute. (Int +4, Str/Dex -1)
                  | [potion of mutation]
  1865 | D:3      | Gained mutation: You have large cloven feet. [potion of
                  | mutation]
  1865 | D:3      | Gained mutation: Your movements are slightly less
                  | encumbered by armour. (ER -2) [potion of mutation]
  1865 | D:3      | Gained mutation: You are strong-willed. (Will+) [potion of
                  | mutation]
  2020 | D:3      | Gained mutation: You regenerate a little health from kills.
                  | [demonic ancestry]
  2020 | D:3      | Reached XP level 5. HP: 41/41 MP: 5/5
  2060 | D:3      | Reached *** piety under Jiyva
  2396 | D:3      | Found a runed translucent door.
  2397 | D:3      | Noticed Crazy Yiuf
  2503 | D:3      | Killed Crazy Yiuf
  2564 | D:3      | Gained mutation: Your translucent skin slightly reduces
                  | your foes' accuracy. (Stealth+) [Jiyva's grace]
  2564 | D:3      | Gained mutation: Your translucent skin reduces your foes'
                  | accuracy. (Stealth+) [Jiyva's grace]
  2564 | D:3      | Gained mutation: Your transparent skin significantly
                  | reduces your foes' accuracy. (Stealth+) [Jiyva's grace]
  2564 | D:3      | Gained mutation: You expend magic power (3 MP) to
                  | strengthen your wands. [Jiyva's grace]
  2574 | D:3      | Identified the +9 chain mail of the Gnashing Gods {Regen+}
  2770 | D:4      | Found a hazy altar of Hepliaklqana.
  2778 | D:4      | Reached **** piety under Jiyva
  2902 | D:4      | Found a sand-covered staircase.
  2906 | Ossuary  | Entered an ossuary
  2926 | Ossuary  | Reached XP level 6. HP: 48/48 MP: 6/6
  3085 | Ossuary  | Identified a scroll of acquirement
  3085 | Ossuary  | Acquired the ring "Kadghuti" {EV+5 Int+5}
  3117 | D:4      | Reached skill level 1 in Evocations
  3379 | D:4      | Lost mutation: Your transparent skin significantly reduces
                  | your foes' accuracy. (Stealth+) [Jiyva's grace]
  3379 | D:4      | Gained mutation: You have sharp fingernails. [Jiyva's
                  | grace]
  3379 | D:4      | Gained mutation: You have very sharp fingernails. [Jiyva's
                  | grace]
  3379 | D:4      | Gained mutation: You have claws for hands. [Jiyva's grace]
  3379 | D:4      | Gained mutation: Your system is resistant to poisons.
                  | (rPois) [Jiyva's grace]
  3652 | D:4      | Found a snail-covered altar of Cheibriados.
  4034 | D:5      | Entered Level 5 of the Dungeon
  4037 | D:5      | Noticed a yak
  4038 | D:5      | Noticed a yak
  4040 | D:5      | Noticed a yak
  4042 | D:5      | Noticed a yak
  4044 | D:5      | Slimified a yak
  4044 | D:5      | a yak changed into a slime creature
  4044 | D:5      | Noticed a slime creature
  4051 | D:5      | Killed a yak
  4052 | D:5      | Gained mutation: You have a sharp stinger which inflicts
                  | weakening toxins. [demonic ancestry]
  4052 | D:5      | Reached XP level 7. HP: 52/54 MP: 7/7
  4058 | D:5      | Killed a yak
  4059 | D:5      | Reached skill level 1 in Shields
  4062 | D:5      | Killed a yak
  4127 | D:5      | Reached XP level 8. HP: 61/61 MP: 8/8
  4135 | D:5      | Noticed Duvessa
  4135 | D:5      | Noticed Dowan
  4143 | D:5      | Killed Duvessa
  4154 | D:5      | Killed Dowan
  4235 | D:5      | Noticed Grinder
  4238 | D:5      | Killed Blork the orc
  4260 | D:5      | Killed Grinder
  4261 | D:5      | Reached skill level 5 in Fighting
  4261 | D:5      | Reached skill level 5 in Polearms
  4332 | D:5      | Found a staircase to the Ecumenical Temple.
  4802 | D:6      | Found an opulent altar of Gozag.
  4866 | D:6      | Reached ***** piety under Jiyva
  4976 | D:6      | Reached XP level 9. HP: 69/69 MP: 9/9
  4988 | D:6      | Found a shimmering altar of Xom.
  4988 | D:6      | Found a shimmering blue altar of Sif Muna.
  4988 | D:6      | Found a broken altar of Ashenzari.
  4988 | D:6      | Found an ornate altar of the Wu Jian Council.
  5045 | D:6      | Found a basalt altar of Yredelemnul.
  5246 | D:6      | Found Ymuuteun's Weapon Shoppe.
  5794 | D:7      | Reached skill level 5 in Armour
  5837 | D:7      | Found a burning altar of Makhleb.
  5938 | D:7      | Lost mutation: You are strong-willed. (Will+) [Jiyva's
                  | grace]
  5938 | D:7      | Lost mutation: Your movements are slightly less encumbered
                  | by armour. (ER -2) [Jiyva's grace]
  5938 | D:7      | Gained mutation: You have supernaturally acute eyesight.
                  | (SInv) [Jiyva's grace]
  5938 | D:7      | Gained mutation: Your transparent skin significantly
                  | reduces your foes' accuracy. (Stealth+) [Jiyva's grace]
  5938 | D:7      | Gained mutation: Your spells are a little harder to cast,
                  | but a little more powerful. [Jiyva's grace]
  5938 | D:7      | Gained mutation: Your spells are harder to cast, but more
                  | powerful. [Jiyva's grace]
  6126 | D:7      | Noticed an unseen horror
  6138 | D:7      | Killed an unseen horror
  6219 | D:7      | Reached skill level 5 in Evocations
  6235 | D:7      | Found Uffips's Antique Armour Boutique.
  6449 | Temple   | Entered the Ecumenical Temple
  6814 | D:8      | Found Zusul's Lightly-Used Armoury.
  6814 | D:8      | Reached ****** piety under Jiyva
  6814 | D:8      | Noticed an unseen horror
  6817 | D:8      | Killed an unseen horror
  6818 | D:8      | Gained mutation: You have a somewhat thin skeletal
                  | structure. (Dex +2, Stealth+) [demonic ancestry]
  6818 | D:8      | Reached XP level 10. HP: 77/77 MP: 10/10
  6840 | D:8      | Reached skill level 5 in Shields
  6868 | D:8      | Identified the +2 dagger "Exiab" {freeze, *Rage rElec
                  | Stlth+}
  7035 | D:8      | Noticed a purple ugly thing
  7038 | D:8      | Noticed a catoblepas
  7041 | D:8      | Noticed a tengu warrior
  7075 | D:8      | Slimified a purple ugly thing
  7075 | D:8      | a purple ugly thing changed into a slime creature
  7085 | D:8      | Killed a catoblepas
  7094 | D:8      | Killed a tengu warrior
  7196 | D:8      | Identified the amulet of Boul {Faith +Blink rF+ Int-3
                  | Dex+6}
  7568 | D:9      | Found an iron altar of Okawaru.
  7686 | D:9      | Found a staircase to the Lair.
  7743 | D:9      | Found a staircase to the Orcish Mines.
  7816 | D:9      | Gained mutation: You have a moderately thin skeletal
                  | structure. (Dex +4, Stealth++) [demonic ancestry]
  7816 | D:9      | Reached XP level 11. HP: 84/86 MP: 11/11
  7880 | D:9      | Found a bloodstained altar of Trog.
  7995 | D:9      | Found a hide-covered altar of Uskayaw.
  8043 | D:10     | Entered Level 10 of the Dungeon
  8187 | D:10     | Lost mutation: You have large cloven feet. [Jiyva's grace]
  8187 | D:10     | Gained mutation: Your body has grown eyes which may confuse
                  | attackers. (Acc +3) [Jiyva's grace]
  8187 | D:10     | Gained mutation: Your body has grown many eyes which may
                  | confuse attackers. (Acc +5) [Jiyva's grace]
  8187 | D:10     | Gained mutation: Your body is covered in eyes which may
                  | confuse attackers. (Acc +7, SInv) [Jiyva's grace]
  8187 | D:10     | Gained mutation: You have a pair of small horns on your
                  | head. [Jiyva's grace]
  8357 | D:10     | Noticed Maurice
  8363 | D:10     | Killed Maurice
  8385 | D:10     | Noticed Josephine
  8396 | D:10     | Killed Josephine
  8504 | D:10     | You fall into a shaft and drop 2 floors!
  8529 | D:12     | Noticed Gastronok
  8532 | D:12     | Noticed a two-headed ogre
  8544 | D:12     | Killed a two-headed ogre
  8548 | D:12     | Killed Gastronok
  8610 | D:10     | Noticed a two-headed ogre
  8632 | D:10     | Killed a two-headed ogre
  8710 | D:10     | Noticed Maggie
  8727 | D:10     | Killed Maggie
  9230 | D:11     | Gained mutation: You regenerate health from kills. [demonic
                  | ancestry]
  9230 | D:11     | Reached XP level 12. HP: 93/95 MP: 12/12
  9239 | D:11     | Lost mutation: You have claws for hands. [Jiyva's grace]
  9239 | D:11     | Lost mutation: You have very sharp fingernails. [Jiyva's
                  | grace]
  9239 | D:11     | Lost mutation: Your system is resistant to poisons. (rPois)
                  | [Jiyva's grace]
  9239 | D:11     | Lost mutation: Your spells are harder to cast, but more
                  | powerful. [Jiyva's grace]
  9239 | D:11     | Gained mutation: You have a small jelly attached to you
                  | that may absorb projectiles. [Jiyva's grace]
  9239 | D:11     | Gained mutation: Your mind is acute. (Int +4, Str/Dex -1)
                  | [Jiyva's grace]
  9239 | D:11     | Gained mutation: Your mind is very acute. (Int +8, Str/Dex
                  | -2) [Jiyva's grace]
  9239 | D:11     | Gained mutation: You are somewhat resistant to further
                  | mutation. [Jiyva's grace]
 10202 | D:12     | Found a one-way gate to the infinite horrors of the Abyss.
 10202 | D:12     | Identified the +5 dagger "Liesyck" {distort, rF+ Int+2}
 10305 | D:12     | Found a large runed translucent door.
 10305 | D:12     | Found a large runed translucent door.
 10308 | D:12     | Found a corrupted altar of Lugonu.
 10390 | D:12     | Found a portal to a secret trove of treasure.
 10586 | Abyss:2  | Cast into level 2 of the Abyss (kobold demonologist)
 10619 | Abyss:2  | Found a corrupted altar of Lugonu.
 10650 | Abyss:2  | Found a corrupted altar of Lugonu.
 10662 | Abyss:2  | Found a corrupted altar of Lugonu.
 10672 | Abyss:2  | Lost mutation: You are somewhat resistant to further
                  | mutation. [Jiyva's grace]
 10672 | Abyss:2  | Gained mutation: Armour fits poorly on your pseudopods.
                  | [Jiyva's grace]
 10672 | Abyss:2  | Gained mutation: Armour fits poorly on your large
                  | pseudopods. [Jiyva's grace]
 10672 | Abyss:2  | Gained mutation: Armour fits poorly on your massive
                  | pseudopods. [Jiyva's grace]
 10672 | Abyss:2  | Gained mutation: You have a pair of horns on your head.
                  | [Jiyva's grace]
 10698 | Abyss:2  | Killed a great orb of eyes
 10747 | Abyss:2  | Noticed a black draconian
 10755 | Abyss:2  | Killed a black draconian
 10756 | Abyss:2  | Reached skill level 10 in Fighting
 10767 | Abyss:2  | Found a corrupted altar of Lugonu.
 10774 | Abyss:2  | Found a corrupted altar of Lugonu.
 10854 | Abyss:2  | Noticed a bone dragon
 10872 | Abyss:2  | Killed a bone dragon
 10885 | Abyss:2  | Reached XP level 13. HP: 104/104 MP: 13/13
 11135 | D:12     | Escaped the Abyss
 11421 | Lair:1   | Entered Level 1 of the Lair of Beasts
 11515 | Lair:1   | Reached skill level 10 in Armour
 11546 | Lair:1   | Reached skill level 10 in Polearms
 12076 | Orc:1    | Entered Level 1 of the Orcish Mines
 12083 | Orc:1    | Reached skill level 10 in Shields
 12084 | Orc:1    | Noticed an orc warlord
 12115 | Orc:1    | Killed an orc warlord
 12406 | Orc:2    | Entered Level 2 of the Orcish Mines
 12406 | Orc:2    | Found a staircase to the Elven Halls.
 12418 | Orc:2    | Lost mutation: You have sharp fingernails. [Jiyva's grace]
 12418 | Orc:2    | Gained mutation: You have acidic saliva. [Jiyva's grace]
 12418 | Orc:2    | Gained mutation: You have a small jelly attached to you
                  | that senses nearby items. [Jiyva's grace]
 12418 | Orc:2    | Gained mutation: You have large cloven feet. [Jiyva's
                  | grace]
 12418 | Orc:2    | Gained mutation: You have hoof-like feet. [Jiyva's grace]
 12640 | Orc:2    | Noticed an orc warlord
 12683 | Orc:2    | Killed an orc warlord
 12684 | Orc:2    | Gained mutation: You regenerate a lot of health from kills.
                  | [demonic ancestry]
 12684 | Orc:2    | Reached XP level 14. HP: 108/113 MP: 14/14
 12769 | Orc:2    | Found Feheschiu's General Store.
 12770 | Orc:2    | Found Rupsesit's Jewellery Shoppe.
 12772 | Orc:2    | Found Suilomef's Antique Armour Shoppe.
 12772 | Orc:2    | Found Nouxkekk's Antique Weapon Emporium.
 13946 | D:13     | Lost mutation: You have hoof-like feet. [Jiyva's grace]
 13946 | D:13     | Lost mutation: Your body is covered in eyes which may
                  | confuse attackers. (Acc +7, SInv) [Jiyva's grace]
 13946 | D:13     | Lost mutation: Your transparent skin significantly reduces
                  | your foes' accuracy. (Stealth+) [Jiyva's grace]
 13946 | D:13     | Lost mutation: Your translucent skin reduces your foes'
                  | accuracy. (Stealth+) [Jiyva's grace]
 13946 | D:13     | Gained mutation: Your flesh is cold resistant. (rC+)
                  | [Jiyva's grace]
 13946 | D:13     | Gained mutation: Your flesh is very cold resistant. (rC++)
                  | [Jiyva's grace]
 13946 | D:13     | Gained mutation: Your flesh is almost immune to the effects
                  | of cold. (rC+++) [Jiyva's grace]
 13946 | D:13     | Gained mutation: Your spells are harder to cast, but more
                  | powerful. [Jiyva's grace]
 14412 | D:14     | Found a hide-covered altar of Uskayaw.
 14620 | D:14     | Found a gate to the Vaults.
 14620 | D:14     | Noticed an ironbound preserver
 14632 | D:14     | Killed an ironbound preserver
 14907 | D:15     | Entered Level 15 of the Dungeon
 14937 | D:15     | Found a staircase to the Depths.
 15010 | D:15     | Reached XP level 15. HP: 117/120 MP: 15/15
 15023 | D:15     | Found Afrahig's Armour Shoppe.
 15142 | D:15     | Noticed Rupert
 15147 | D:15     | Banished Rupert
 15801 | Lair:2   | Lost mutation: You have large cloven feet. [Jiyva's grace]
 15801 | Lair:2   | Lost mutation: Your spells are harder to cast, but more
                  | powerful. [Jiyva's grace]
 15801 | Lair:2   | Lost mutation: Your body has grown many eyes which may
                  | confuse attackers. (Acc +5) [Jiyva's grace]
 15801 | Lair:2   | Lost mutation: Armour fits poorly on your massive
                  | pseudopods. [Jiyva's grace]
 15801 | Lair:2   | Lost mutation: Armour fits poorly on your large pseudopods.
                  | [Jiyva's grace]
 15801 | Lair:2   | Lost mutation: Your translucent skin slightly reduces your
                  | foes' accuracy. (Stealth+) [Jiyva's grace]
 15801 | Lair:2   | Lost mutation: You expend magic power (3 MP) to strengthen
                  | your wands. [Jiyva's grace]
 15801 | Lair:2   | Gained mutation: You have sharp toenails. [Jiyva's grace]
 15801 | Lair:2   | Gained mutation: You have razor-sharp toenails. [Jiyva's
                  | grace]
 15801 | Lair:2   | Gained mutation: You have claws for feet. [Jiyva's grace]
 15801 | Lair:2   | Gained mutation: Your body has grown many eyes which may
                  | confuse attackers. (Acc +5) [Jiyva's grace]
 16011 | Lair:2   | Identified the +3 hand axe of the Floral God {flame, rN+
                  | Str+4 Dex+3}
 16557 | Lair:3   | Found a broken altar of Ashenzari.
 16588 | Lair:3   | Found a staircase to the Shoals.
 16662 | Lair:3   | Found a staircase to the Snake Pit.
 16868 | Lair:3   | Lost mutation: You have a pair of horns on your head.
                  | [Jiyva's grace]
 16868 | Lair:3   | Lost mutation: You have claws for feet. [Jiyva's grace]
 16868 | Lair:3   | Lost mutation: Your flesh is almost immune to the effects
                  | of cold. (rC+++) [Jiyva's grace]
 16868 | Lair:3   | Lost mutation: You have a small jelly attached to you that
                  | senses nearby items. [Jiyva's grace]
 16868 | Lair:3   | Gained mutation: Your rubbery body absorbs attacks. (AC +1,
                  | EV +1) [Jiyva's grace]
 16868 | Lair:3   | Gained mutation: Your pliable body absorbs attacks. (AC +2,
                  | EV +2) [Jiyva's grace]
 16868 | Lair:3   | Gained mutation: Your gelatinous body deflects attacks. (AC
                  | +3, EV +3) [Jiyva's grace]
 16868 | Lair:3   | Gained mutation: You have an increased reservoir of magic.
                  | (+10% MP) [Jiyva's grace]
 17460 | Lair:4   | Found a staircase to the Slime Pits.
 17462 | Lair:4   | Found a viscous altar of Jiyva.
 17891 | Lair:4   | Lost mutation: Your mind is very acute. (Int +8, Str/Dex
                  | -2) [Jiyva's grace]
 17891 | Lair:4   | Lost mutation: Your gelatinous body deflects attacks. (AC
                  | +3, EV +3) [Jiyva's grace]
 17891 | Lair:4   | Lost mutation: Armour fits poorly on your pseudopods.
                  | [Jiyva's grace]
 17891 | Lair:4   | Gained mutation: You are covered in slimy tendrils that may
                  | disarm your opponents. [Jiyva's grace]
 17891 | Lair:4   | Gained mutation: Your flesh is heat resistant. (rF+)
                  | [Jiyva's grace]
 17891 | Lair:4   | Gained mutation: Your flesh is very heat resistant. (rF++)
                  | [Jiyva's grace]
 17891 | Lair:4   | Gained mutation: Your flesh is almost immune to the effects
                  | of heat. (rF+++) [Jiyva's grace]
 18021 | Slime:1  | Entered Level 1 of the Pits of Slime
 18025 | Slime:1  | Noticed an azure jelly
 18035 | Slime:1  | Noticed an azure jelly
 18041 | Slime:1  | Noticed an azure jelly
 18080 | Slime:1  | Noticed an acid blob
 18200 | Slime:2  | Noticed an acid blob
 18216 | Slime:2  | Noticed a rockslime
 18237 | Slime:2  | Noticed a rockslime
 18277 | Slime:2  | Noticed an azure jelly
 18296 | Slime:2  | Noticed an azure jelly
 18301 | Slime:2  | Noticed an azure jelly
 18809 | Slime:4  | Noticed an acid blob
 18809 | Slime:4  | Noticed an acid blob
 18916 | Slime:4  | Noticed an azure jelly
 18916 | Slime:4  | Noticed a rockslime
 18983 | Slime:4  | Noticed an azure jelly
 19117 | Slime:5  | Entered Level 5 of the Pits of Slime
 19117 | Slime:5  | Noticed an azure jelly
 19138 | Slime:5  | Noticed an acid blob
 19158 | Slime:5  | Noticed an acid blob
 19184 | Slime:5  | Identified the +4 spear "Hoexe" {flame, Str+7 Dex-3}
 19195 | Slime:5  | Noticed the Royal Jelly
 19214 | Slime:5  | Noticed an acid blob
 19237 | Slime:5  | Got a slimy rune of Zot
 19269 | Slime:5  | Noticed an acid blob
 19286 | Slime:5  | Identified the +5 hand axe of Benum {vamp, Int+2}
 19287 | Slime:5  | Identified the -1 kite shield of the Blizzard {rPois rF+}
 19300 | Slime:5  | Identified the +5 war axe "Kausen" {freeze, rC+ Will+ Str+5
                  | Int+3 Stlth-}
 19304 | Slime:5  | Noticed an acid blob
 19314 | Slime:5  | Noticed an acid blob
 19350 | Slime:5  | Identified the +3 leather armour of Vonupp {rElec rPois}
 19352 | Slime:5  | Identified the +12 war axe "Qeyppuwo" {flame, rN+}
 19375 | Slime:5  | Noticed an acid blob
 19396 | Slime:5  | Found a viscous altar of Jiyva.
 19431 | Slime:5  | Noticed an acid blob
 19453 | Slime:5  | Noticed an acid blob
 19522 | Slime:5  | Noticed an acid blob
 19595 | Lair:5   | Entered Level 5 of the Lair of Beasts
 19999 | Lair:5   | Got an earthy gem with 416 turns to spare
 20091 | Lair:5   | Identified the +8 trident "Pimm" {freeze, rC+}
 20702 | Lair:5   | Gained mutation: Your hexes are more powerful. [demonic
                  | ancestry]
 20702 | Lair:5   | Reached XP level 16. HP: 129/129 MP: 17/17
 21590 | Snake:1  | Entered Level 1 of the Snake Pit
 21782 | Snake:1  | Lost mutation: You have razor-sharp toenails. [Jiyva's
                  | grace]
 21782 | Snake:1  | Lost mutation: You have supernaturally acute eyesight.
                  | (SInv) [Jiyva's grace]
 21782 | Snake:1  | Lost mutation: Your mind is acute. (Int +4, Str/Dex -1)
                  | [Jiyva's grace]
 21782 | Snake:1  | Lost mutation: Your spells are a little harder to cast, but
                  | a little more powerful. [Jiyva's grace]
 21782 | Snake:1  | Lost mutation: Your body has grown many eyes which may
                  | confuse attackers. (Acc +5) [Jiyva's grace]
 21782 | Snake:1  | Lost mutation: You have a small jelly attached to you that
                  | may absorb projectiles. [Jiyva's grace]
 21782 | Snake:1  | Gained mutation: You have a small jelly attached to you
                  | that may absorb projectiles. [Jiyva's grace]
 21782 | Snake:1  | Gained mutation: You are agile. (Dex +4, Str/Int -1)
                  | [Jiyva's grace]
 21782 | Snake:1  | Gained mutation: You are very agile. (Dex +8, Str/Int -2)
                  | [Jiyva's grace]
 21782 | Snake:1  | Gained mutation: Your spells are a little harder to cast,
                  | but a little more powerful. [Jiyva's grace]
 22136 | Snake:1  | Found a runed translucent door.
 22137 | Snake:1  | Noticed wjtupper's ghost (adept MiHu)
 22257 | Snake:1  | Killed wjtupper's ghost
 22562 | Snake:2  | Found Qorob's Magic Scroll Boutique.
 22934 | Snake:2  | Reached skill level 15 in Armour
 22938 | Snake:2  | Found Felycuto's Assorted Antiques.
 22938 | Snake:2  | Found Afem's Jewellery Boutique.
 22952 | Snake:2  | Bought the ring of Fyxaolor {rElec rPois Will+} for 604
                  | gold pieces
 23035 | Snake:2  | Lost mutation: Your pliable body absorbs attacks. (AC +2,
                  | EV +2) [Jiyva's grace]
 23035 | Snake:2  | Lost mutation: You are covered in slimy tendrils that may
                  | disarm your opponents. [Jiyva's grace]
 23035 | Snake:2  | Gained mutation: You are strong-willed. (Will+) [Jiyva's
                  | grace]
 23035 | Snake:2  | Gained mutation: You are highly strong-willed. (Will++)
                  | [Jiyva's grace]
 23035 | Snake:2  | Gained mutation: You are extremely strong-willed. (Will+++)
                  | [Jiyva's grace]
 23035 | Snake:2  | Gained mutation: You are covered in slimy tendrils that may
                  | disarm your opponents. [Jiyva's grace]
 23513 | Snake:2  | Reached skill level 15 in Shields
 23965 | Snake:3  | Identified the +1 scale mail of Spring {rElec}
 24011 | Snake:3  | Reached XP level 17. HP: 138/138 MP: 18/18
 24287 | Snake:3  | Lost mutation: You are very agile. (Dex +8, Str/Int -2)
                  | [Jiyva's grace]
 24287 | Snake:3  | Lost mutation: You are agile. (Dex +4, Str/Int -1) [Jiyva's
                  | grace]
 24287 | Snake:3  | Lost mutation: Your flesh is very cold resistant. (rC++)
                  | [Jiyva's grace]
 24287 | Snake:3  | Lost mutation: Your flesh is almost immune to the effects
                  | of heat. (rF+++) [Jiyva's grace]
 24287 | Snake:3  | Lost mutation: You are extremely strong-willed. (Will+++)
                  | [Jiyva's grace]
 24287 | Snake:3  | Lost mutation: You have a small jelly attached to you that
                  | may absorb projectiles. [Jiyva's grace]
 24287 | Snake:3  | Gained mutation: Your body has grown many eyes which may
                  | confuse attackers. (Acc +5) [Jiyva's grace]
 24287 | Snake:3  | Gained mutation: Your body is covered in eyes which may
                  | confuse attackers. (Acc +7, SInv) [Jiyva's grace]
 24287 | Snake:3  | Gained mutation: Your flesh is almost immune to the effects
                  | of heat. (rF+++) [Jiyva's grace]
 24287 | Snake:3  | Gained mutation: You are extremely strong-willed. (Will+++)
                  | [Jiyva's grace]
 24889 | Snake:4  | Entered Level 4 of the Snake Pit
 24971 | Snake:4  | Was placed under penance by Jiyva
 25243 | Snake:4  | Got the Dissertation on the Sepulchral Gift
 25371 | Snake:4  | Got a serpentine rune of Zot
 25806 | Snake:1  | Lost mutation: Your body is covered in eyes which may
                  | confuse attackers. (Acc +7, SInv) [the all-consuming
                  | vengeance of Jiyva]
 25806 | Snake:1  | Was forgiven by Jiyva
 25836 | Shoals:1 | Entered Level 1 of the Shoals
 25954 | Shoals:3 | Noticed Polyphemus
 25974 | Shoals:3 | Killed Polyphemus
 26050 | Shoals:4 | Entered Level 4 of the Shoals
 26146 | Shoals:4 | Identified the staff "Muazeahu" {rF+ Earth}
 26176 | Shoals:4 | Reached XP level 18. HP: 123/147 MP: 19/19
 26314 | Shoals:4 | Got an azure gem with 1385 turns to spare
 26316 | Shoals:4 | Got a barnacled rune of Zot
 26497 | Shoals:3 | Noticed Ilsuiw
 26511 | Shoals:3 | Noticed Roxanne
 26520 | Shoals:2 | Noticed Frances
 26620 | Shoals:2 | Lost mutation: You have acidic saliva. [Jiyva's grace]
 26620 | Shoals:2 | Lost mutation: Your rubbery body absorbs attacks. (AC +1,
                  | EV +1) [Jiyva's grace]
 26620 | Shoals:2 | Lost mutation: You are covered in slimy tendrils that may
                  | disarm your opponents. [Jiyva's grace]
 26620 | Shoals:2 | Gained mutation: Your body is covered in eyes which may
                  | confuse attackers. (Acc +7, SInv) [Jiyva's grace]
 26620 | Shoals:2 | Gained mutation: You have hidden genetic potential.
                  | [Jiyva's grace]
 26620 | Shoals:2 | Gained mutation: You have great hidden genetic potential.
                  | [Jiyva's grace]
 26620 | Shoals:2 | Gained mutation: You have an unnaturally thin skeletal
                  | structure. (Dex +6, Stealth+++) [Jiyva's grace]
 27004 | Elf:1    | Entered Level 1 of the Elven Halls
 27186 | Elf:1    | Identified the +6 morningstar of Powerful Valiance {pain,
                  | *Noise MP+9 Str+3 Dex+5}
 27203 | Elf:1    | Noticed Donald
 27226 | Elf:1    | Killed Donald
 27534 | Elf:3    | Entered Level 3 of the Elven Halls
 27639 | Elf:3    | Reached skill level 15 in Fighting
 27754 | Elf:3    | Paralysed by an air elemental for 1 turns
 27760 | Elf:3    | Paralysed by an air elemental for 1 turns
 27782 | Elf:3    | Found Volizxas's Assorted Antiques.
 27785 | Elf:3    | Lost mutation: Your flesh is cold resistant. (rC+) [Jiyva's
                  | grace]
 27785 | Elf:3    | Lost mutation: Your flesh is almost immune to the effects
                  | of heat. (rF+++) [Jiyva's grace]
 27785 | Elf:3    | Lost mutation: Your flesh is very heat resistant. (rF++)
                  | [Jiyva's grace]
 27785 | Elf:3    | Lost mutation: You have an increased reservoir of magic.
                  | (+10% MP) [Jiyva's grace]
 27785 | Elf:3    | Gained mutation: Your melee attacks may engulf your foes in
                  | ooze. [Jiyva's grace]
 27785 | Elf:3    | Gained mutation: You have a small jelly attached to you
                  | that may absorb projectiles. [Jiyva's grace]
 27785 | Elf:3    | Gained mutation: You have acidic saliva. [Jiyva's grace]
 27785 | Elf:3    | Gained mutation: You are robust. (+10% HP) [Jiyva's grace]
 27786 | Elf:3    | Bought a scroll of enchant armour for 195 gold pieces
 27903 | Elf:3    | Identified the +2 fire dragon scales of the Catamount
                  | {Rampage rElec rF++ rC- rN++ Dex-2}
 27917 | Elf:3    | Identified the +10 halberd of Ikoll {venom, rN+ Dex+3
                  | Stlth+}
 28034 | Elf:3    | Identified the ring of the Kitsune {Will+ rCorr Int+2
                  | Dex+5}
 28050 | Elf:3    | Identified the ring "Tufowor" {^Drain rN+ AC+4 Int+3 Dex+3}
 28147 | Elf:3    | Identified the +0 buckler of Poafilod {Rampage Dex+4}
 28165 | Elf:3    | Gained mutation: A demonic guardian rushes to your aid.
                  | [demonic ancestry]
 28165 | Elf:3    | Reached XP level 19. HP: 161/170 MP: 19/19
 28195 | Elf:3    | Identified the +3 scimitar of the Sun {venom, MP+9}
 28223 | Elf:3    | Identified the +2 spear "Undertaker" {flame, Fly rF+ rC-
                  | Str+3}
 28248 | Elf:3    | Got the Spellbook of the Summer and Anemomancy
 28252 | Elf:3    | Got the Codex of the Vexatious Welkin
 28309 | Elf:3    | Got a shimmering gem with 562 turns to spare
 28499 | Elf:3    | Got Ereshkigal's Directory of Blows
 29012 | Elf:2    | Found a runed translucent door.
 29025 | Elf:2    | Found a runed translucent door.
 29449 | Elf:2    | Found Jaet's Antique Weapon Emporium.
 29544 | Elf:2    | Lost mutation: You are robust. (+10% HP) [Jiyva's grace]
 29544 | Elf:2    | Lost mutation: Your body is covered in eyes which may
                  | confuse attackers. (Acc +7, SInv) [Jiyva's grace]
 29544 | Elf:2    | Lost mutation: Your body has grown many eyes which may
                  | confuse attackers. (Acc +5) [Jiyva's grace]
 29544 | Elf:2    | Lost mutation: You have great hidden genetic potential.
                  | [Jiyva's grace]
 29544 | Elf:2    | Lost mutation: You have a small jelly attached to you that
                  | may absorb projectiles. [Jiyva's grace]
 29544 | Elf:2    | Gained mutation: You have a small jelly attached to you
                  | that may absorb projectiles. [Jiyva's grace]
 29544 | Elf:2    | Gained mutation: You expend magic power (3 MP) to
                  | strengthen your wands. [Jiyva's grace]
 29544 | Elf:2    | Gained mutation: Your flesh is cold resistant. (rC+)
                  | [Jiyva's grace]
 29544 | Elf:2    | Gained mutation: Your flesh is very cold resistant. (rC++)
                  | [Jiyva's grace]
 29735 | Elf:1    | Found a shimmering blue altar of Sif Muna.
 30011 | D:12     | Voluntarily entered the Abyss.
 30034 | Abyss:2  | Noticed a bone dragon
 30432 | Abyss:3  | Noticed a bone dragon
 30458 | Abyss:3  | Killed a bone dragon
 30501 | Abyss:3  | Paralysed by accursed screaming for 2 turns
 30507 | D:12     | Escaped the Abyss
 30635 | Vaults:1 | Entered Level 1 of the Vaults
 30841 | Vaults:1 | Found Leneshrum's Weapon Emporium.
 30867 | Vaults:1 | Lost mutation: You have sharp toenails. [Jiyva's grace]
 30867 | Vaults:1 | Lost mutation: Your flesh is very cold resistant. (rC++)
                  | [Jiyva's grace]
 30867 | Vaults:1 | Lost mutation: Your spells are a little harder to cast, but
                  | a little more powerful. [Jiyva's grace]
 30867 | Vaults:1 | Lost mutation: Your body has grown eyes which may confuse
                  | attackers. (Acc +3) [Jiyva's grace]
 30867 | Vaults:1 | Lost mutation: You have hidden genetic potential. [Jiyva's
                  | grace]
 30867 | Vaults:1 | Lost mutation: Your melee attacks may engulf your foes in
                  | ooze. [Jiyva's grace]
 30867 | Vaults:1 | Gained mutation: Your spells are a little harder to cast,
                  | but a little more powerful. [Jiyva's grace]
 30867 | Vaults:1 | Gained mutation: Your spells are harder to cast, but more
                  | powerful. [Jiyva's grace]
 30867 | Vaults:1 | Gained mutation: Your spells are much harder to cast, but
                  | much more powerful. [Jiyva's grace]
 30867 | Vaults:1 | Gained mutation: Your rubbery body absorbs attacks. (AC +1,
                  | EV +1) [Jiyva's grace]
 31107 | Vaults:1 | Reached XP level 20. HP: 103/164 MP: 17/20
 31416 | Vaults:3 | Reached skill level 15 in Polearms
 31635 | Vaults:3 | Found a staircase to the Crypt.
 31963 | Depths:1 | Entered Level 1 of the Depths
 31977 | Depths:1 | Found a runed translucent gate.
 31977 | Depths:1 | Found a runed translucent gate.
 31977 | Depths:1 | Found a runed translucent gate.
 31979 | Depths:1 | Found an ancient bone altar of Kikubaaqudgha.
 31979 | Depths:1 | Noticed a dread lich
 31979 | Depths:1 | Noticed a dread lich
 31979 | Depths:1 | Noticed an ancient lich
 31979 | Depths:1 | Noticed tykejmi's ghost (adept HOFi)
 31980 | Depths:1 | Noticed WeeknightWizard's ghost (veteran DEFE)
 32119 | Depths:1 | Found a one-way gate leading to the halls of Pandemonium.
 32229 | Depths:1 | Found a shimmering altar of Xom.
 32313 | Depths:1 | Found a gateway to Hell.
 32404 | Depths:1 | Found a shimmering altar of Xom.
 32448 | Depths:1 | Lost mutation: You have a pair of small horns on your head.
                  | [Jiyva's grace]
 32448 | Depths:1 | Lost mutation: Your flesh is heat resistant. (rF+) [Jiyva's
                  | grace]
 32448 | Depths:1 | Lost mutation: Your spells are much harder to cast, but
                  | much more powerful. [Jiyva's grace]
 32448 | Depths:1 | Lost mutation: Your spells are harder to cast, but more
                  | powerful. [Jiyva's grace]
 32448 | Depths:1 | Gained mutation: You have a pair of small antennae on your
                  | head. [Jiyva's grace]
 32448 | Depths:1 | Gained mutation: You have a pair of antennae on your head.
                  | [Jiyva's grace]
 32448 | Depths:1 | Gained mutation: You have a pair of large antennae on your
                  | head. (SInv) [Jiyva's grace]
 32448 | Depths:1 | Gained mutation: You are somewhat resistant to further
                  | mutation. [Jiyva's grace]
 32894 | Depths:1 | Identified the +3 orcbow "Qesugipuyd" {flame, rF- rC+++ rN+
                  | Will+}
 33387 | Depths:1 | Killed an ancient lich
 33388 | Depths:1 | Killed a dread lich
 33396 | Depths:1 | Killed a dread lich
 33401 | Depths:1 | Killed WeeknightWizard's ghost
 33436 | Depths:1 | Identified the +1 helmet of Kieludad {+Inv rPois MP-9
                  | Str+5}
 33452 | Depths:1 | Killed tykejmi's ghost
 33455 | Depths:1 | Identified the ring "Ogreon" {*Slow rElec rC+ Str+3 Int+2}
 33465 | Depths:1 | Got Kikubaaqudgha's Elucidation of Necromancy
 33885 | Depths:3 | Mutation became permanent: You have a moderately thin
                  | skeletal structure. (Dex +4, Stealth++) [demonic ancestry]
 33885 | Depths:3 | Gained mutation: You have an unnaturally thin skeletal
                  | structure. (Dex +6, Stealth+++) [demonic ancestry]
 33885 | Depths:3 | Reached XP level 21. HP: 86/172 MP: 21/21
 34054 | Depths:4 | Entered Level 4 of the Depths
 34669 | Depths:4 | Lost mutation: Your flesh is cold resistant. (rC+) [Jiyva's
                  | grace]
 34669 | Depths:4 | Lost mutation: You are extremely strong-willed. (Will+++)
                  | [Jiyva's grace]
 34669 | Depths:4 | Lost mutation: You are somewhat resistant to further
                  | mutation. [Jiyva's grace]
 34669 | Depths:4 | Gained mutation: Your melee attacks may engulf your foes in
                  | ooze. [Jiyva's grace]
 34669 | Depths:4 | Gained mutation: Your pliable body absorbs attacks. (AC +2,
                  | EV +2) [Jiyva's grace]
 34669 | Depths:4 | Gained mutation: Your gelatinous body deflects attacks. (AC
                  | +3, EV +3) [Jiyva's grace]
 34669 | Depths:4 | Gained mutation: You have large cloven feet. [Jiyva's
                  | grace]
 34694 | Depths:4 | Found a gate to the Realm of Zot.
 34694 | Depths:4 | Noticed a golden dragon
 34694 | Depths:4 | Noticed a golden dragon
 34706 | Depths:4 | Killed a golden dragon
 34711 | Depths:4 | Killed a golden dragon
 34726 | Depths:4 | Got a midnight gem with 495 turns to spare
 36149 | Depths:3 | Identified the +5 trident of Theory {freeze, rF+ rCorr}
 36469 | Depths:3 | Lost mutation: You are highly strong-willed. (Will++)
                  | [Jiyva's grace]
 36469 | Depths:3 | Lost mutation: You expend magic power (3 MP) to strengthen
                  | your wands. [Jiyva's grace]
 36469 | Depths:3 | Gained mutation: You expend magic power (3 MP) to
                  | strengthen your wands. [Jiyva's grace]
 36469 | Depths:3 | Gained mutation: Your body has grown eyes which may confuse
                  | attackers. (Acc +3) [Jiyva's grace]
 36469 | Depths:3 | Gained mutation: Your body has grown many eyes which may
                  | confuse attackers. (Acc +5) [Jiyva's grace]
 36469 | Depths:3 | Gained mutation: Your body is covered in eyes which may
                  | confuse attackers. (Acc +7, SInv) [Jiyva's grace]
 36489 | Depths:3 | Gained mutation: A powerful demonic guardian rushes to your
                  | aid. [demonic ancestry]
 36489 | Depths:3 | Reached XP level 22. HP: 183/183 MP: 22/22
 36856 | Depths:2 | Found the ring of the Octopus King
 36871 | Depths:2 | Identified a ring of the Octopus King {HP+2 AC+2 EV+2 SH+2
                  | SInv}
 37021 | Depths:2 | Acquired a +3 demon trident of venom
 37031 | Depths:2 | Noticed a juggernaut
 37053 | Depths:2 | Killed a juggernaut
 37077 | Depths:2 | Found a one-way gateway to a ziggurat.
 37201 | Depths:2 | Found a transporter.
 37254 | Depths:2 | Noticed Saint Roka
 37294 | Depths:2 | Killed Saint Roka
 37335 | Depths:2 | Found a transporter.
 37422 | Depths:2 | Identified the ring "Buprasobao" {Fly rF- rC+ Str+5}
 37501 | Depths:2 | Found Gifaj's Book Emporium.
 37506 | Depths:2 | Identified the +0 chain mail of the Old World {+Blink Str+4
                  | SInv Stlth+}
 37611 | Depths:2 | Identified the ring of Fyont {Wiz Str+3 Int+6}
 38039 | Vaults:4 | Noticed Zenata
 38112 | Vaults:4 | Killed Zenata
 38323 | Vaults:4 | Found a radiant altar of Vehumet.
 38324 | Vaults:4 | Found the +5 robe of Night {Dark Will+ SInv}
 38484 | Vaults:5 | Entered Level 5 of the Vaults
 38490 | Vaults:5 | Noticed Mara
 38493 | Vaults:5 | Noticed a golden dragon
 38498 | Vaults:5 | Noticed Villent's illusion
 38535 | Vaults:5 | Gained mutation: Your melee attacks may debilitate your
                  | foes. [demonic ancestry]
 38535 | Vaults:5 | Reached XP level 23. HP: 132/192 MP: 21/23
 38539 | Vaults:5 | Noticed Villent's illusion
 38553 | Vaults:5 | Killed Mara
 38653 | Vaults:5 | Noticed an ancient lich
 38655 | Vaults:5 | Found Tireac's Armour Shoppe.
 38678 | Vaults:5 | Killed an ancient lich
 38687 | Vaults:5 | Noticed a dread lich
 38738 | Vaults:5 | Killed a dread lich
 38847 | Vaults:5 | Got the Vellum of the Macabre Tempest
 38943 | Vaults:5 | Lost mutation: You have large cloven feet. [Jiyva's grace]
 38943 | Vaults:5 | Lost mutation: Your spells are a little harder to cast, but
                  | a little more powerful. [Jiyva's grace]
 38943 | Vaults:5 | Lost mutation: You have acidic saliva. [Jiyva's grace]
 38943 | Vaults:5 | Lost mutation: Your body is covered in eyes which may
                  | confuse attackers. (Acc +7, SInv) [Jiyva's grace]
 38943 | Vaults:5 | Lost mutation: Your body has grown many eyes which may
                  | confuse attackers. (Acc +5) [Jiyva's grace]
 38943 | Vaults:5 | Lost mutation: You expend magic power (3 MP) to strengthen
                  | your wands. [Jiyva's grace]
 38943 | Vaults:5 | Gained mutation: Your flesh is cold resistant. (rC+)
                  | [Jiyva's grace]
 38943 | Vaults:5 | Gained mutation: Your flesh is very cold resistant. (rC++)
                  | [Jiyva's grace]
 38943 | Vaults:5 | Gained mutation: Your flesh is almost immune to the effects
                  | of cold. (rC+++) [Jiyva's grace]
 38943 | Vaults:5 | Gained mutation: You possess an exceptional clarity of
                  | mind. [Jiyva's grace]
 39081 | Vaults:5 | Identified the orb of Hery {*channel, rC- Dex+4 SInv}
 39081 | Vaults:5 | Noticed Frederick
 39112 | Vaults:5 | Killed Frederick
 39150 | Vaults:5 | Identified the +1 leather armour of Gumoj {Will++ Str+2}
 39563 | Vaults:5 | Identified the +4 great sword "Goxkune" {speed, Int+2}
 39603 | Vaults:5 | Identified the +7 morningstar of the Inviting Coward
                  | {venom, MP+9 Str+4 Dex+2}
 39608 | Vaults:5 | Identified the +1 orcbow "Iseuguzuo" {heavy, rF- Str+2
                  | Int+3}
 39780 | Vaults:5 | Got a silver rune of Zot
 39793 | Vaults:5 | Got a shining gem with 836 turns to spare
 39795 | Vaults:5 | Got Progressing With Spellcasting
 39798 | Vaults:5 | Identified the +1 cloak "Estriddomp" {rElec Int+2}
 40872 | Vaults:4 | Noticed Norris
 40905 | Vaults:4 | Killed Norris
 41027 | Vaults:3 | Lost mutation: Your gelatinous body deflects attacks. (AC
                  | +3, EV +3) [Jiyva's grace]
 41027 | Vaults:3 | Lost mutation: Your melee attacks may engulf your foes in
                  | ooze. [Jiyva's grace]
 41027 | Vaults:3 | Gained mutation: You have sharp fingernails. [Jiyva's
                  | grace]
 41027 | Vaults:3 | Gained mutation: You have very sharp fingernails. [Jiyva's
                  | grace]
 41027 | Vaults:3 | Gained mutation: You have claws for hands. [Jiyva's grace]
 41027 | Vaults:3 | Gained mutation: You are somewhat resistant to further
                  | mutation. [Jiyva's grace]
 42379 | Vaults:2 | Reached XP level 24. HP: 134/205 MP: 23/23
 42644 | D:12     | You paid a toll of a +7 demon trident to enter a treasure
                  | trove
 42645 | Trove    | Entered a treasure trove
 42657 | Trove    | Identified the +7 trident of Annihilation {freeze, rC++
                  | Str-3 Dex+3}
 42665 | Trove    | Identified the ring "Omoud" {AC+4 Int+3 Dex+2}
 42671 | Trove    | Identified the +1 chain mail "Trusted Companion" {rElec rC-
                  | Str-4 Stlth+}
 42902 | D:7      | Bought the +9 scales of the Dragon King {rPois rF+ rC+
                  | Will+} for 3744 gold pieces
 42902 | D:7      | Found the +9 scales of the Dragon King {rPois rF+ rC+
                  | Will+}
 43272 | Vaults:1 | Lost mutation: You have a pair of large antennae on your
                  | head. (SInv) [Jiyva's grace]
 43272 | Vaults:1 | Lost mutation: You are strong-willed. (Will+) [Jiyva's
                  | grace]
 43272 | Vaults:1 | Gained mutation: You are agile. (Dex +4, Str/Int -1)
                  | [Jiyva's grace]
 43272 | Vaults:1 | Gained mutation: You are very agile. (Dex +8, Str/Int -2)
                  | [Jiyva's grace]
 43272 | Vaults:1 | Gained mutation: You are covered in slimy tendrils that may
                  | disarm your opponents. [Jiyva's grace]
 43272 | Vaults:1 | Gained mutation: Your muscles are strong. (Str +4, Int/Dex
                  | -1) [Jiyva's grace]
 46130 | Vaults:2 | You fall into a shaft and drop 2 floors!
 46380 | D:12     | Voluntarily entered the Abyss.
 46383 | Abyss:3  | Found a corrupted altar of Lugonu.
 46524 | Abyss:3  | Got an abyssal rune of Zot
 46564 | Abyss:3  | Found a corrupted altar of Lugonu.
 46570 | Abyss:3  | Paralysed by accursed screaming for 2 turns
 46591 | D:12     | Escaped the Abyss
 46776 | Hell     | Entered the Vestibule of Hell
 46776 | Hell     | Noticed Geryon
 46776 | Hell     | Found a gateway to the freezing wastes of Cocytus.
 46894 | Hell     | Killed Geryon
 47812 | Orc:2    | Bought a dazzling hat for 225 gold pieces
 47812 | Orc:2    | Identified the +1 hat "Huatzus" {rF++ Dex+3} (You bought it
                  | in a shop on level 2 of the Orcish Mines)
 48665 | Hell     | Found a gateway to the Iron City of Dis.
 48865 | Hell     | Found a gateway to the decaying netherworld of Tartarus.
 48923 | Hell     | Found a gateway to the ashen valley of Gehenna.
 49269 | Crypt:1  | Entered Level 1 of the Crypt
 49269 | Crypt:1  | Lost mutation: You possess an exceptional clarity of mind.
                  | [Jiyva's grace]
 49269 | Crypt:1  | Lost mutation: Your muscles are strong. (Str +4, Int/Dex
                  | -1) [Jiyva's grace]
 49269 | Crypt:1  | Gained mutation: Your translucent skin slightly reduces
                  | your foes' accuracy. (Stealth+) [Jiyva's grace]
 49269 | Crypt:1  | Gained mutation: Your translucent skin reduces your foes'
                  | accuracy. (Stealth+) [Jiyva's grace]
 49269 | Crypt:1  | Gained mutation: Your transparent skin significantly
                  | reduces your foes' accuracy. (Stealth+) [Jiyva's grace]
 49269 | Crypt:1  | Gained mutation: Your mind is acute. (Int +4, Str/Dex -1)
                  | [Jiyva's grace]
 49446 | Crypt:3  | Entered Level 3 of the Crypt
 49661 | Crypt:3  | Got the Catalogue of Profane Rituals
 49715 | Crypt:3  | Noticed a dread lich
 49745 | Crypt:3  | Paralysed by something for 2 turns
 49760 | Crypt:3  | Paralysed by something for 3 turns
 49885 | Crypt:2  | Found a corrupted altar of Lugonu.
 49970 | Crypt:3  | Killed a dread lich
 50043 | Crypt:3  | Reached XP level 25. HP: 188/194 MP: 23/23
 50353 | Crypt:3  | Got an ivory gem with 863 turns to spare
 50462 | Crypt:3  | Identified the +3 rapier "Hyhoanig" {drain, rN+ Int+4
                  | Dex+4}
 50484 | Crypt:3  | Identified the +4 scale mail "Ehommem" {rElec Str+2 Int+2
                  | Dex-4}
 50486 | Crypt:3  | Identified the +1 orcbow of Yesterday {flame, rPois Str+4
                  | Int-2}
 50633 | Crypt:3  | Reached skill level 1 in Short Blades
 50633 | Crypt:3  | Reached skill level 10 in Evocations
 51359 | Crypt:3  | Reached skill level 5 in Short Blades
 51648 | Crypt:3  | Found a staircase to the Tomb.
 52353 | Crypt:2  | Found a runed translucent gate.
 52353 | Crypt:2  | Found a runed translucent gate.
 52353 | Crypt:2  | Found a runed translucent gate.
 52528 | Crypt:2  | Noticed Xenat's ghost (veteran MiGl)
 52800 | Crypt:2  | Killed Xenat's ghost
 53418 | Crypt:1  | Lost mutation: Your body has grown eyes which may confuse
                  | attackers. (Acc +3) [Jiyva's grace]
 53418 | Crypt:1  | Lost mutation: Your transparent skin significantly reduces
                  | your foes' accuracy. (Stealth+) [Jiyva's grace]
 53418 | Crypt:1  | Gained mutation: Your spells are a little harder to cast,
                  | but a little more powerful. [Jiyva's grace]
 53418 | Crypt:1  | Gained mutation: Your spells are harder to cast, but more
                  | powerful. [Jiyva's grace]
 53418 | Crypt:1  | Gained mutation: Your spells are much harder to cast, but
                  | much more powerful. [Jiyva's grace]
 53418 | Crypt:1  | Gained mutation: You have supernaturally acute eyesight.
                  | (SInv) [Jiyva's grace]
 53899 | Zot:1    | Entered Level 1 of the Realm of Zot
 53965 | Zot:1    | Reached skill level 10 in Short Blades
 54012 | Zot:1    | Noticed Parghit
 54384 | Zot:1    | Killed Parghit
 55198 | Zot:2    | Was placed under penance by Jiyva
 55213 | Zot:2    | Reached XP level 26. HP: 224/224 MP: 23/23
 55408 | Zot:2    | Gained mutation: You are vulnerable to heat. (rF-)
                  | [mutagenic glow]
 55425 | Zot:2    | Gained mutation: Your magical capacity is low. (-10% MP)
                  | [mutagenic glow]
 55483 | Zot:2    | Found the +0 mask of the Dragon {Will+ Slay+3 SInv}
 55510 | Zot:2    | Found a transporter.
 56027 | Coc:1    | Entered Level 1 of Cocytus
 56080 | Coc:1    | Paralysed by a wendigo for 1 turns
 56085 | Coc:1    | Paralysed by a wendigo for 1 turns
 56092 | Coc:1    | Paralysed by a wendigo for 1 turns
 56313 | Coc:3    | Paralysed by a wendigo for 1 turns
 56321 | Coc:3    | HP: 10/224 [wendigo/seracfall (12)]
 56323 | Coc:3    | Paralysed by a wendigo for 1 turns
 56325 | Coc:3    | Killed from afar by a shard shrike

Illustrated notes

Levels and vault maps discovered:
D:1:      tarquinn_simple_flora_water_a, layout_loops_ring,
          shapermc_ecumenical_altar_mp_vishouse
D:2:      layout_rooms, minmay_misc_feat_pillars
D:3:      layout_loops_corners, vehumet_altar_wand_db,
          cheibrodos_sewer_entry_sluice, minmay_rat_hole,
          uniq_crazy_yiuf_cottage
D:4:      layout_layer_cave, slow_altar_2, mainiacjoe_overflow_tiny_flanked,
          enter_ossuary_5
D:5:      layout_basic, nicolae_elyvilon_temple_path, minmay_temple_entry_hall,
          uniq_blork_the_orc, uniq_grinder, uniq_duvessa
D:6:      layout_loops_corners, old_standard_altar,
          mainiacjoe_overflow_brackets,
          chequers_temple_overflow_statue_of_worship, serial_shops, shop,
          st_stairs_7
D:7:      layout_loops_ring, makhleb_heckhound_becter, serial_shops, shop
D:8:      minmay_blocky_corners, layout_gridville, minmay_misc_feat_x,
          minmay_shop_damaged, chequers_serial_rivers_micro_a, minivault_5,
          fountainhead, nrook_mini_backslash
D:9:      layout_roguey, mainiacjoe_overflow_alcove_4, marbit_many_paths,
          mainiacjoe_overflow_paths, due_lair_maze_entry_diamond, orc_0_dummy
D:10:     layout_irregular_city, nicolae_tso_swordbearing_angel,
          minmay_misc_feat_rugged, uniq_maurice, uniq_maggie, uniq_josephine
D:11:     layout_layer_cave
D:12:     due_chaos_kobolds, layout_basic, nicolae_trove_entry_diagonal,
          corexii_leaking_fountain, uniq_gastronok
D:13:     layout_roguey, special_room [special_room_orc]
D:14:     layout_roguey, skrybe_vaults_entry_preservation,
          nicolae_uskayaw_dance_hall
D:15:     gammafunk_depths_entry_grave, layout_rooms,
          ebering_dispersal_statue_hall, serial_ice, serial_ice_n, serial_ice_i,
          serial_ice_d, serial_ice_b, serial_shops, shop, uniq_rupert
Temple:   nicolae_temple_ecumenical_triangle
Lair:1:   layout_roguey [special_room_bee]
Lair:2:   layout_chaotic_city
Lair:3:   layout_regular_city, minmay_shoals_entry_centaurs,
          guppyfry_snake_entry_island, basic_altar, st_stairs_4,
          chequers_serial_rivers_marsh, chequers_serial_rivers_room_a
Lair:4:   layout_regular_city, minmay_slime_entry_pillars
Lair:5:   due_jungle_book, layout_cellular_growth, dreamdust_gnoll_shepherd
Shoals:1: nicolae_shoals_island_circles, layout_shoals, serial_shops, shop,
          dpeg_stationary_puzzle
Shoals:2: nzn_motion_control, layout_shoals, uniq_louise, uniq_frances
Shoals:3: layout_shoals, uniq_roxanne, uniq_ilsuiw, uniq_polyphemus
Shoals:4: shoals_end_hellmonk_holy_island
Snake:1:  layout_honeycomb, ebering_ghost_inner_flame
Snake:2:  layout_gridlike, serial_shops, shop, nicolae_snake_bzzzt,
          minmay_shoptagon, grunt_megastairs_4, serial_bayou_shore_b,
          serial_bayou_shore_a
Snake:3:  layout_grid_maze
Snake:4:  snake_pit, layout_misc_corridors
Slime:1:  layout_caves
Slime:2:  nicolae_slime_jelly_donut, layout_caves
Slime:3:  layout_caves
Slime:4:  layout_caves
Slime:5:  slime_pit_nicolae_inversion
Orc:1:    layout_caves
Orc:2:    st_orc_congregation, layout_caves, kennysheep_orc_chapel
Elf:1:    layout_rooms, nicolae_elf_crossing_hall, lemuel_upstairs_altar,
          uniq_donald
Elf:2:    elven_hall_of_blades_hangedman_original
          [nicolae_blade_entry_splitting_headache], layout_gridlike,
          serial_shops, shop
Elf:3:    minmay_elf_hall_golems, layout_onion_city, serial_shops, shop,
          dk_noncrumbling_2, minmay_elf_annihilation
Vaults:1: v_misc_4, nicolae_vaults_trapezoid_lopsided_2, grunt_vaults_funnel,
          v_misc_19, ontoclasm_vaults_shuriken,
          nicolae_vaults_stairing_the_circle, nicolae_vaults_two_Ls,
          nicolae_vaults_six-pack, v_misc_24, ontoclasm_vaults_fire_temple,
          vaults_room_corners, layout_vaults_chaotic_city, serial_shops,
          nicolae_shop_real_fake_doors
Vaults:2: nicolae_vaults_closet_pinwheel_2, st_lattice,
          nicolae_vaults_more_shelving_1, vaults_dpeg_spiral, v_alt_pattern_1,
          ontoclasm_vaults_chip, grunt_vaults_hallway_long,
          nicolae_vaults_little_squares_1, nicolae_vaults_storage_closets_2,
          nicolae_vaults_six-pack, grunt_vaults_hallway_short,
          vaults_room_fours, nicolae_vaults_little_squares_4,
          layout_vaults_omnigrid
Vaults:3: ontoclasm_vaults_spin, minmay_crypt_entry_simple_statues,
          nicolae_vaults_frosty_reception, v_misc_33, v_misc_28,
          nicolae_vaults_what_the_h, vaults_mumra_minichess,
          nicolae_vaults_two_Ls, vaults_dpeg_hooks, nicolae_vaults_trapezoid_1,
          ontoclasm_vaults_ligature, layout_vaults_omnibox, uniq_margery
Vaults:4: grunt_tower_of_power, nicolae_vaults_ring_of_whatevers,
          vaults_standard_mumra_enter_the_diamond, vaults_room_door_ring,
          vaults_room_semicircle, nicolae_vaults_closet_pinwheel_1,
          nicolae_vaults_house_3, nicolae_vaults_twisting_passages,
          nicolae_vaults_closet_pinwheel_4, dpeg_vaults_monster_row, v_misc_12,
          vaults_dpeg_cross, v_alt_pattern_3, ontoclasm_vaults_decontamination,
          layout_vaults_maze, uniq_zenata, uniq_norris
Vaults:5: uniq_mara, uniq_frederick
Crypt:1:  layout_misc_corridors
Crypt:2:  layout_chaotic_city, gammafunk_ghost_necromancy,
          amcnicky_altar_lugonu_corruption
Crypt:3:  due_elkab, layout_chaotic_city, nicolae_tomb_entry_rubble_hallway,
          hellmonk_scarab_ruin
Depths:1: evilmike_diamond_2, layout_gridlike, nicolae_triple_integral,
          rand_demon_pan_entry_8, grunt_mini_vestibule, gammafunk_ghost_crypt,
          grunt_decor_one_mirror, xom_redecorated
Depths:2: hangedman_spin_cycle, pan_entry, hell_entry
Depths:3: wad_guarded_room, layout_cave_shapes, grunt_pan_entry_in_and_out,
          hangedman_coc_ice_floe, hangedman_abyss_entry_splay,
          infiniplex_staircase_zigzag_4
Depths:4: grunt_twist_and_shout, layout_honeycomb, abyss_entry_crystal,
          hell_entry, infiniplex_staircase_pool_lava
Hell
Coc:1:    layout_cocytus_water_paths
Coc:2:    layout_cocytus_water_paths
Coc:3:    layout_cocytus_water_paths
Zot:1:    layout_basic, regret_index_zotdec_obsidian_hm, uniq_parghit,
          uniq_josephina
Zot:2:    layout_twisted_circle, regret_index_zotdec_ex,
          ebering_ghost_reflecting_pool,
          chequers_guarded_unrand_mask_of_the_dragon, grunt_megastairs_5

Skill      XL: |  1  2  3  4  5  6  7  8  9 10 11 12 13 14 15 16 17 18 19 20 21 22 23 24 25 26 |
---------------+-------------------------------------------------------------------------------+-----
Throwing       | 2 3 |  3.6
Polearms       | 3 4 5 6 7 8 9 10 11 12 13 14 15 | 15.9
Armour         | 1 2 3 4 5 7 8 9 11 12 14 15 16 17 18 19 20 21 22 23 | 23.8
Fighting       | 3 4 5 6 8 9 10 11 12 13 14 15 16 17 19 20 21 22 | 22.0
Evocations     | 1 2 4 5 6 8 9 10 | 10.0
Shields        | 1 3 4 6 7 9 10 12 13 15 16 17 18 19 20 21 22 23 | 23.7
Short Blades   | 12 13 | 13.6
Dodging        | |  2.6

Action                     |  1- 3 |  4- 6 |  7- 9 | 10-12 | 13-15 | 16-18 | 19-21 | 22-24 | 25-27 || total
---------------------------+-------+-------+-------+-------+-------+-------+-------+-------+-------++-------
  Melee: Trident           |   130 |   151 |   251 |   571 |   918 |  1603 |  2028 |  3011 |   278 ||  8941
         Punch             |     1 |       |       |       |       |       |       |       |       ||     1
         Tailslap          |     4 |    17 |    31 |    94 |   206 |   331 |   557 |   999 |   829 ||  3068
         Unarmed           |       |       |    14 |       |       |       |       |       |     2 ||    16
         Headbutt          |       |       |       |    86 |   263 |   425 |   334 |       |       ||  1108
         Pseudopods        |       |       |       |    18 |   176 |       |       |       |       ||   194
         Bite              |       |       |       |       |   136 |   198 |   456 |   251 |       ||  1041
         Kick              |       |       |       |       |   229 |    36 |       |       |       ||   265
         Spear             |       |       |       |       |   191 |       |       |       |       ||   191
         Rapier            |       |       |       |       |       |       |       |       |  2036 ||  2036
  Throw: Throwing net      |     2 |     4 |       |       |       |       |       |       |       ||     6
 Invoke: Slimify           |       |     2 |       |     1 |       |     2 |     1 |       |       ||     6
         Oozemancy         |       |       |       |     2 |    12 |    13 |    19 |    22 |     9 ||    77
Ability: Evoke Blink       |       |       |       |       |       |       |     5 |     5 |    10 ||    20
  Evoke: Wand              |       |       |       |       |     5 |       |       |     3 |     1 ||     9
         Sack of spiders   |       |       |       |       |       |       |     2 |     4 |     1 ||     7
         Lightning rod     |       |       |       |       |       |       |     5 |     7 |     1 ||    13
         Phantom mirror    |       |       |       |       |       |       |     1 |     2 |       ||     3
         Phial of floods   |       |       |       |       |       |       |       |     2 |       ||     2
         Horn of Geryon    |       |       |       |       |       |       |       |     1 |     1 ||     2
    Use: Scroll            |     3 |     7 |     3 |     7 |    15 |    20 |     7 |    13 |    11 ||    86
         Potion            |       |     2 |       |     4 |     1 |    10 |     5 |    10 |     3 ||    35
   Stab: Sleeping          |       |     2 |       |     3 |    11 |     6 |    10 |     6 |       ||    38
         Petrified         |       |       |       |     5 |       |       |       |       |       ||     5
         Confused          |       |       |       |    26 |    51 |    35 |    10 |   117 |    36 ||   275
         Distracted        |       |       |       |     1 |     2 |     3 |     9 |    19 |     8 ||    42
         Invisible         |       |       |       |       |       |       |     1 |       |       ||     1
         Held in net/web   |       |       |       |       |       |       |       |     3 |       ||     3
 Armour: Leather armour    |    76 |    23 |       |       |       |       |       |       |       ||    99
         Chain mail        |       |   103 |   218 |   414 |   664 |   772 |  1060 |   844 |       ||  4075
         Skin              |       |       |       |     9 |       |       |       |       |     4 ||    13
         Gold dragon scale |       |       |       |       |       |       |       |  1242 |  1529 ||  2771
  Dodge: Dodged            |    92 |   101 |   321 |   645 |   655 |   417 |   399 |   853 |   511 ||  3994
  Block: Kite shield       |     4 |   140 |   299 |   662 |   968 |   453 |       |       |       ||  2526
         Tower shield      |       |       |       |       |       |  1218 |  2963 |  5430 |  4532 || 14143
         Reflection        |       |       |       |       |       |   158 |    49 |    67 |    21 ||   295
